 Dungeon Crawl Stone Soup version 0.32-a0-986-ga09f62fbf4 (webtiles) character file.

Game seed: 101753483478462153

14466087 soonmide the Warmonger (level 27, 249/249 HPs)
             Began as a Demonspawn Gladiator on Apr 16, 2024.
             Was a High Priest of Okawaru.
             Escaped with the Orb
             ... and 15 runes on Apr 22, 2024!
             The game lasted 13:37:21 (109455 turns).

soonmide the Warmonger (Demonspawn Gladiator)     Turns: 109455, Time: 13:37:22

Health: 249/249    AC: 53    Str: 31    XL:     27
Magic:  58/58      EV: 28    Int:  6    God:    Okawaru [*****.]
Gold:   15215      SH: 24    Dex: 24    Spells: 39/42 levels left

rFire   + + +        d - +11 demon trident of Qonyuqin {elec, *Noise rElec rC+ Dex+3}
rCold   + + .        n - +5 kite shield {AC+3}
rNeg    + . .        W - +12 gold dragon scales
rPois   +            (helmet unavailable)
rElec   +            R - +4 dragonskin cloak {Aegis}
rCorr   +            y - +3 pair of gauntlets of War {Slay+5}
SInv    .            k - +2 pair of slick slippers {slick, slippery, EV+4}
Will    ++++.        N - amulet of the Twisting Gods {rPois rN+ RegenMP+ rCorr MP+9} Stlth
                     S - ring of Iphutomo {rF+ Str+5}
HPRegen 0.61/turn    P - ring of the Seeker {MP+9 EV+5 Dex+3}
MPRegen 1.12/turn

%: random rage (3%), guardian spirit
@: studying 4 skills
A: horns 3, thin metallic scales 3, hurl damnation, powered by pain 3, torment
resistance 1, magic shield, magic regeneration, magic link, demonic willpower,
berserk 1, deformed body, dopey 1, fire resistance 1, strong-willed 1, inability
to drink after injury 1, MP-powered wands
0: Orb of Zot
}: 15/15 runes: decaying, serpentine, slimy, silver, golden, iron, obsidian,
icy, bone, abyssal, demonic, glowing, magical, fiery, dark
a: Hurl Damnation, Renounce Religion, Heroism, Finesse, Duel


You escaped.
You worshipped Okawaru.
Okawaru was extremely pleased with you.
You visited 18 branches of the dungeon, and saw 87 of its levels.
You visited Pandemonium 2 times, and saw 13 of its levels.
You visited the Abyss 4 times.
You also visited: Trove, Gauntlet, Ice Cave, Volcano and Wizlab.

You collected 19280 gold pieces.
You spent 4065 gold pieces at shops.

Inventory:

Hand Weapons
 d - the +11 demon trident of Qonyuqin (weapon) {elec, *Noise rElec rC+ Dex+3}
   (Okawaru gifted it to you on level 2 of the Orcish Mines)

   Dex+3:     It affects your dexterity (+3).
   rC+:       It protects you from cold.
   rElec:     It insulates you from electricity.
   *Noise:    It may make a loud noise when swung.
Missiles
 e - 6 datura-tipped darts
 r - 29 atropa-tipped darts
 v - 9 javelins (quivered)
 x - 2 silver javelins
 B - 13 darts of dispersal
 D - 8 curare-tipped darts
 F - 8 boomerangs
Armour
 a - the +2 crystal plate armour of the Sun {^Contam rN+++ rCorr Dex+3}
   (Okawaru gifted it to you on level 2 of the Orcish Mines)

   Dex+3:     It affects your dexterity (+3).
   rN+++:     It renders you almost immune to negative energy.
   ^Contam:   It causes magical contamination when unequipped.
   rCorr:     It protects you from acid and corrosion.
 k - the +2 pair of slick slippers (worn) {slick, slippery, EV+4}
   (You found it on level 5 of the Pits of Slime)

   Slick:     Its wearer cannot be constricted, engulfed, netted, webbed, or
   stopped by binding sigils.
   Slippery:  Its wearer slips away from damaging melee attacks, pulling the
   attacker onward.
   EV+4:      It affects your evasion (+4).
 n - a +5 kite shield of protection (worn)
 y - the +3 pair of gauntlets of War (worn) {Slay+5}
   (You found it on level 2 of the Elven Halls)

   Slay+5:    It affects your accuracy & damage with ranged weapons and melee
   (+5).
 R - the +4 dragonskin cloak (worn) {Aegis}
   (You took it off Tiamat on level 2 of the Realm of Zot)

   Avatar's Aegis: It grants the wearer a chance to resist fire, cold, poison,
   electricity, acid, and negative energy.
 W - +12 gold dragon scales (worn)
Jewellery
 s - an amulet of reflection
 t - the ring of the Hare {EV+10}
   (You took it off a yaktaur captain on level 5 of the Vaults)

   [ring of evasion]

   EV+10:     It affects your evasion (+10).
 C - the ring of Qeshroti {rF+ rC++}
   (You found it on level 7 of the Iron City of Dis)

   [ring of protection from fire]

   rF+:       It protects you from fire.
   rC++:      It greatly protects you from cold.
 N - the amulet of the Twisting Gods (around neck) {rPois rN+ RegenMP+ rCorr MP+9}
   (You found it in a wizard's laboratory)

   [amulet of magic regeneration]

   It increases your rate of magic regeneration.
   rPois:     It protects you from poison.
   rN+:       It protects you from negative energy.
   MP+9:      It affects your magic capacity (+9).
   rCorr:     It protects you from acid and corrosion.
   RegenMP+:  It increases your rate of magic regeneration.
 P - the ring of the Seeker (right hand) {MP+9 EV+5 Dex+3}
   (You took it off a deep elf high priest on level 5 of the Vaults)

   [ring of evasion]

   EV+5:      It affects your evasion (+5).
   Dex+3:     It affects your dexterity (+3).
   MP+9:      It affects your magic capacity (+9).
 S - the ring of Iphutomo (left hand) {rF+ Str+5}
   (You found it on level 3 of the Depths)

   [ring of protection from fire]

   Str+5:     It affects your strength (+5).
   rF+:       It protects you from fire.
 V - the ring "Veefo" {Wiz rPois rF++}
   (You found it on level 7 of the Iron City of Dis)

   [ring of wizardry]

   Wiz:       It improves your spell success rate.
   rF++:      It greatly protects you from fire.
   rPois:     It protects you from poison.
Wands
 m - a wand of roots (65)
 H - a wand of polymorph (62)
 I - a wand of digging (29)
 O - a wand of mindburst (60)
Scrolls
 h - 5 scrolls of immolation
 j - 34 scrolls of teleportation
 l - 7 scrolls of blinking
 p - 4 scrolls of silence
 q - 11 scrolls of fear
 u - 6 scrolls of torment
 z - 3 scrolls of fog
 K - 7 scrolls of poison
 L - a scroll of enchant armour
 M - 14 scrolls of revelation
Potions
 b - 5 potions of attraction
 f - 14 potions of curing
 o - 3 potions of haste
 w - 4 potions of lignification
 E - 7 potions of invisibility
 G - 6 potions of magic
 Q - 4 potions of ambrosia
 U - a potion of resistance
 X - a potion of cancellation
 Y - 4 potions of berserk rage
 Z - 7 potions of enlightenment
Miscellaneous
 c - a phial of floods
 g - a condenser vane
 i - a lightning rod (4/4)
 J - a figurine of a ziggurat


   Skills:
 O Level 27 Fighting
 + Level 25.4 Polearms
 - Level 20.0 Throwing
 O Level 27 Armour
 + Level 17.5 Dodging
 + Level 13.4 Stealth
 + Level 24.6 Shields
 - Level 8.0 Spellcasting
 - Level 8.0 Translocations
 O Level 27 Invocations
 + Level 19.7 Evocations


You had 39 spell levels left.
You knew the following spells:

 Your Spells              Type           Power      Damage    Failure   Level
a - Blink                 Tloc           24%        N/A       6%          2
b - Apportation           Tloc           24%        N/A       4%          1

Your spell library contained the following spells:

 Spells                   Type           Power      Damage    Failure   Level
 Passage of Golubria      Tloc           12%        N/A       38%         4
 Volatile Blastmotes      Fire/Tloc      14%        2d11      54%         3
 Foxfire                  Conj/Fire      8%         2x1d4     75%         1
 Freeze                   Ice            8%         1d3       75%         1
 Kiss of Death            Conj/Necr      8%         2d6       75%         1
 Magic Dart               Conj           8%         1d3       75%         1
 Necrotise                Necr           8%         1d4       75%         1
 Sandblast                Erth           4%         2d4       75%         1
 Shock                    Conj/Air       8%         1d3       75%         1
 Slow                     Hex            8%         N/A       75%         1
 Sting                    Conj/Alch      8%         1d3       75%         1
 Cigotuvi's Dreadful Rot  Necr/Alch/Air  4%         N/A       86%         2
 Ensorcelled Hibernation  Hex/Ice        4%         N/A       86%         2
 Jinxbite                 Hex            4%         N/A       86%         2
 Mercury Vapours          Alch/Air       4%         N/A       86%         2
 Scorch                   Fire           4%         2d5       86%         2
 Searing Ray              Conj           4%         2d4       86%         2
 Dimensional Bullseye     Hex/Tloc       3%         N/A       91%         4
 Iskenderun's Mystic Bla Conj/Tloc 7%             2d4        (+2d1     91%         4
 Vhi's Electric Charge    Tloc/Air       14%        N/A       91%         4
 Confusing Touch          Hex            2%         N/A       98%         3
 Frozen Ramparts          Ice            4%         1d1       98%         3
 Fugue of the Fallen      Necr           2%         N/A       98%         3
 Hailstorm                Conj/Ice       2%         3d5       98%         3
 Mephitic Cloud           Conj/Alch/Air  2%         N/A       98%         3
 Ozocubu's Armour         Ice            2%         N/A       98%         3
 Passwall                 Erth           2%         N/A       98%         3
 Sigil of Binding         Hex            2%         N/A       98%         3
 Stone Arrow              Conj/Erth      4%         3d7       98%         3
 Swiftness                Air            2%         N/A       98%         3
 Vampiric Draining        Necr           2%         2d6       98%         3
 Airstrike                Air            1%         2d(1-17)  100%        4
 Anguish                  Hex/Necr       1%         N/A       100%        4
 Brom's Barrelling Bould  Conj/Erth      2%         2d3       100%        4
 Dispel Undead            Necr           2%         3d7       100%        4
 Flame Wave               Conj/Fire      2%         2d4       100%        4
 Fulminant Prism          Conj/Alch      1%         3d5       100%        4
 Ignite Poison            Fire/Alch      2%         N/A       100%        4
 Leda's Liquefaction      Alch/Erth      1%         N/A       100%        4
 Petrify                  Alch/Erth      2%         N/A       100%        4
 Alistair's Intoxication  Alch           1%         N/A       100%        5
 Arcjolt                  Conj/Air       1%         1d11      100%        5
 Borgnjor's Vile Clutch   Necr/Erth      1%         N/A       100%        5
 Fireball                 Conj/Fire      1%         3d3       100%        5
 Freezing Cloud           Conj/Ice/Air   1%         6-21      100%        5
 Irradiate                Conj/Alch      1%         3d12      100%        5
 Iskenderun's Battlesphe  Conj           2%         2d6       100%        5
 Lee's Rapid Deconstruct  Erth           1%         3d4*      100%        5
 Metabolic Englaciation   Hex/Ice        1%         N/A       100%        5
 Silence                  Hex/Air        1%         N/A       100%        5
 Yara's Violent Unravell  Hex/Alch       1%         3d3       100%        5
 Bombard                  Conj/Erth      1%         9d1       100%        6
 Conjure Ball Lightning   Conj/Air       1%         3x3d6     100%        6
 Dispersal                Tloc           6%         N/A       100%        6
 Eringya's Noxious Bog    Alch           1%         4d6       100%        6
 Gell's Gavotte           Tloc           6%         2d(14-20) 100%        6
 Permafrost Eruption      Ice/Erth       1%         2x4d1     100%        6
 Plasma Beam              Fire/Air       1%         2x1d11    100%        6
 Starburst                Conj/Fire      1%         6d3       100%        6
 Enfeeble                 Hex            1%         N/A       100%        7
 Manifold Assault         Tloc           6%         N/A       100%        7
 Orb of Destruction       Conj           1%         9d5       100%        7
 Ozocubu's Refrigeration  Ice            1%         4d7       100%        7
 Borgnjor's Revivificati  Necr           1%         N/A       100%        8
 Disjunction              Tloc           6%         N/A       100%        8
 Fulsome Fusillade        Conj/Alch      1%         (3-5)d4   100%        8
 Lehudib's Crystal Spear  Conj/Erth      1%         10d2      100%        8
 Maxwell's Capacitive Co  Air            1%         ∞         100%        8
 Polar Vortex             Ice            1%         N/A       100%        9
 Summon Small Mammal      Summ           Unusable   N/A       N/A         1
 Call Imp                 Summ           Unusable   N/A       N/A         2
 Call Canine Familiar     Summ           Unusable   N/A       N/A         3
 Animate Armour           Summ/Erth      Unusable   N/A       N/A         4
 Martyr's Knell           Necr/Summ      Unusable   N/A       N/A         4
 Summon Lightning Spire   Summ/Air       Unusable   N/A       N/A         4
 Sculpt Simulacrum        Ice/Alch       Unusable   N/A       N/A         6
 Summon Cactus Giant      Summ           Unusable   N/A       N/A         6
 Haunt                    Necr/Summ      Unusable   N/A       N/A         7
 Seismic Cannonade        Alch/Erth      Unusable   6d4       N/A         7
 Spellforged Servitor     Conj/Summ      Unusable   N/A       N/A         7

Dungeon Overview and Level Annotations

Branches:
Dungeon (15/15)            Temple (1/1) D:4            Lair (5/5) D:9
  Swamp (4/4) Lair:3        Snake (4/4) Lair:2        Slime (5/5) Lair:5
    Orc (2/2) D:9             Elf (3/3) Orc:2        Vaults (5/5) D:13
  Crypt (3/3) Vaults:2       Tomb (3/3) Crypt:3      Depths (4/4) D:15
   Hell (visited)             Dis (7/7) Hell            Geh (7/7) Hell
    Coc (7/7) Hell            Tar (7/7) Hell            Zot (5/5) Depths:4
  IceCv (visited)         Volcano (visited)          WizLab (visited)
Gauntlet (visited)

Altars:
Ashenzari
Cheibriados
Dithmenos
Fedhas
Gozag
Hepliaklqana
Kikubaaqudgha
Makhleb
Nemelex Xobeh
Okawaru
Qazlal
Ru
Sif Muna
Trog
Uskayaw
Vehumet
Wu Jian
Xom
Yredelemnul
Jiyva
Lugonu

Shops:
D:1 !   D:11 (   D:12 !   Orc:2 :=(?[   Elf:2 *   Snake:3 :   Vaults:1 [?
Vaults:2 (   Vaults:3 [(   Vaults:4 :   Vaults:5 ?!!   Depths:1 ::   Depths:2 ?
Depths:4 ?

Portals:
Hell: Lair:5 Depths:1 Depths:2 Depths:3 Depths:4
Abyss: Depths:1 Depths:3 Depths:4
Pandemonium: Depths:2 Depths:3 Depths:4
Ziggurat: Depths:1

Annotations:
Crypt:2 36 runed translucent doors


Innate Abilities, Weirdness & Mutations

You have a pair of large horns on your head.
You are completely covered in thin metallic scales. (AC +4, rElec)
You can hurl damnation.
You are powered by pain.
You are resistant to unholy torment.
When hurt, damage is shared between your health and your magic reserves.
You regenerate magic rapidly.
When low on magic, you restore magic in place of health.
You punish those that try to bend your will. (Will+)
You sometimes lose your temper in combat.
Armour fits poorly on your strangely shaped body.
You are dopey. (Int -2)
Your flesh is heat resistant. (rF+)
You are strong-willed. (Will+)
You occasionally lose the ability to drink potions when taking damage.
You expend magic power (3 MP) to strengthen your wands.


Message History

Press: ? - help, Shift-Dir - straight line A rock wall.
This square is covered in magical glow.
You feel a surge of power!
The rock shatters into small pieces.
There is a stone staircase leading up here.
You climb upwards.
There is a stone staircase leading down here.
Aiming: Dig
Press: ? - help, Shift-Dir - straight line You can't see that place. [the floor.]
You feel a surge of power!
The rock shatters into small pieces.
There is a stone staircase leading up here.
You climb upwards.
There is a stone staircase leading down here.
An Orb Guardian comes into view.
There is an escape hatch in the ceiling here.
A mysterious force pulls you upwards. The hatch slams shut behind you.
There is an escape hatch in the ceiling here.
A mysterious force pulls you upwards. The hatch slams shut behind you.
There is a stone staircase leading up here.
You climb upwards.
There is a stone staircase leading down here.
A tormentor comes into view.
You hit the tormentor. You headbutt the tormentor!!
The tormentor is severely wounded.
You puncture the tormentor!
The tormentor is almost dead.
You block the tormentor's attack. x2
You puncture the tormentor!
You kill the tormentor!
Okawaru accepts your kill.
There is a stone staircase leading up here.
You climb upwards.
There is a stone staircase leading down here.
There is a large open door here.
There is a large open door here.
There is a large open door here.
There is a staircase leading out of the dungeon here.
You have escaped!

##.......# #.#.##
#...###..###.#.#
#.#+###........#
..#.#....###.#.#
###.###.## #########
'..∩..'.# ######...#
###.##### #....###.#
#.#######.≈≈.###.#
#'##..'.'.§§.'@#.#####
##.##..'.'§≈≈§'.#.....#
#..##.####§§§.###.###.#
#.......##...§###.# #.#
#.#####..######...# #.#
#.# ########..### #.#
#.# #......# ##.##
##.#### ####.### #...#
......# #.# #...#


There were no monsters in sight!

Vanquished Creatures
  Cerebov (Pan)
  Antaeus (Coc:7)
  the Royal Jelly (Slime:5)
  Asmodeus (Geh:7)
  Ereshkigal (Tar:7)
  Gloorx Vloq (Pan)
  Mnoleg (Pan)
  the Serpent of Hell (Coc:7)
  Lom Lobon (Pan)
  A seraph (Pan)
  Dispater (Dis:7)
  Tiamat (Zot:2)
  Khufu (Crypt:1)
  12 ancient liches
  9 dread liches
  3 orbs of fire (Zot:5)
  6 pandemonium lords (Pan)
  Mara (Depths:3)
  4 juggernauts
  33 royal mummies
  Parghit (Zot:3)
  Bai Suzhen (Snake:3)
  Vv (Zot:2)
  Vashnia (Arena)
  8 shard shrikes (Coc:7)
  3 Killer Klowns
  13 caustic shrikes
  5 curse toes (Zot:4)
  Geryon (Hell)
  10 profane servitors
  the Enchantress (Depths:4)
  9 golden dragons
  21 bone dragons
  13 hellephants
  14 Brimstone Fiends
  4 electric golems
  9 doom hounds
  19 Tzitzimimeh
  Jorgrun (Orc:1)
  A spectral shard shrike (Tar:3)
  Rupert (Lair:5)
  17 Hell Sentinels
  17 Ice Fiends
  17 tentacled monstrosities
  20 Orb Guardians (Zot:5)
  2 shard shrike skeletons
  5 iron giants
  A walking crystal tome (Depths:3)
  7 liches
  15 titans
  2 walking earthen tomes (Depths:4)
  18 tainted leviathans
  A moon troll (WizLab)
  Asterion (Snake:3)
  2 deep elf blademasters (Elf:3)
  4 deep elf master archers (Elf:3)
  22 searing wretches
  25 tentacled starspawn
  4 walking frostbound tomes
  12 sphinxes
  Murray (Hell)
  7 quicksilver dragons
  18 acid blobs
  Frances (Swamp:1)
  33 ancient champions
  6 death cobs
  15 Executioners (Pan)
  13 shadow dragons
  11 tengu reavers
  2 thorn hunters
  Donald (Swamp:1)
  6 revenants
  3 draconian monks
  A fenstrider witch (Pan)
  5 nagarajas
  21 narguns
  6 draconian knights
  17 storm dragons
  13 azure jellies
  40 balrugs
  10 daevas
  16 fire giants
  11 demonspawn warmongers (Pan)
  10 protean progenitors
  10 frost giants
  10 draconian shifters
  3 deep elf sorcerers
  8 iron dragons
  12 quicksilver elementals
  7 rockslimes
  18 vault wardens
  A spectral juggernaut (Tar:1)
  6 draconian scorchers
  2 orc warlords
  3 ghost moths
  Louise (Snake:3)
  4 deep elf elementalists
  A caustic shrike zombie (Depths:2)
  2 spectral caustic shrikes
  4 curse skulls
  A juggernaut zombie (Crypt:3)
  20 angels
  20 ironbound preservers
  3 demonspawn corrupters (Pan)
  8 shard shrike simulacra
  6 spriggan defenders
  30 reapers
  30 cacodemons
  10 demonspawn blood saints (Pan)
  4 caustic shrike skeletons
  8 draconian annihilators
  19 stone giants
  16 quicksilver oozes
  29 very ugly things
  12 formless jellyfish
  3 draconian stormcallers
  3 broodmothers (Pan)
  2 juggernaut skeletons (Pan)
  9 green draconians
  2 ironbound thunderhulks
  17 elemental wellsprings
  16 ophanim
  11 vampire knights
  14 deep elf death magi
  16 black draconians
  15 apis (Pan)
  6 demonspawn black suns (Pan)
  8 bennus
  9 deep elf demonologists
  11 putrid mouths
  Azrael (Snake:1)
  4 eleionomae
  7 lorocyprocas
  8 bunyips
  6 spark wasps
  10 deep elf annihilators
  8 purple draconians
  9 red draconians
  15 dire elephants
  39 war gargoyles
  15 yellow draconians
  23 iron golems
  10 eidola
  18 wendigos
  6 white draconians
  A minotaur (Gauntlet)
  The ghost of Heussueq the Imperceptible, a journeyman SpBr of Uskayaw (D:13)
  24 blizzard demons
  9 ettins
  2 merfolk javelineers
  Josephine (D:12)
  A spectral quicksilver dragon (Tar:2)
  25 mummy priests
  A merfolk impaler (Depths:2)
  11 deep elf high priests
  15 green deaths
  3 entropy weavers
  4 jiangshi
  16 yaktaur captains
  A spectral iron giant (Tar:2)
  6 fire dragons
  4 spectral spriggans
  2 crystal guardians
  A quicksilver dragon skeleton (Crypt:1)
  A shambling mangrove (Swamp:2)
  19 great orbs of eyes
  3 spriggan zombies
  8 juggernaut simulacra
  22 salamander tyrants
  38 vault guards
  A catoblepas (D:11)
  A jorogumo (Pan)
  8 caustic shrike simulacra
  4 hell beasts
  14 rakshasas
  2 peacekeepers
  8 ogre magi
  7 spriggan air magi
  Erica (D:11)
  32 hydras
  10 ironbound frosthearts
  7 ice dragons
  13 anacondas
  16 centaur warriors
  34 two-headed ogres
  11 alligators
  30 hell hogs
  13 boulder beetles
  36 dancing weapons
  5 tengu warriors
  2 death knights
  15 stokers
  2 deep troll shamans (Depths:1)
  9 demonic crawlers (Pan)
  A merfolk aquamancer (Pan)
  2 satyrs (Pan)
  81 death scarabs
  3 death yaks (Lair:5)
  11 shock serpents
  3 vampire magi
  2 orc high priests
  7 deep troll earth magi
  4 occultists
  14 naga sharpshooters
  A spriggan berserker (Depths:3)
  4 spectral nagas
  8 thrashing horrors
  2 storm dragon zombies (Crypt:3)
  23 deep elf knights
  69 sun demons
  8 hell knights
  21 naga warriors
  3 spectral emperor scorpions (Pan)
  3 crystal echidnas
  23 shadow wraiths
  A shock serpent (shapeshifter) (Vaults:5)
  2 bunyip zombies
  32 soul eaters
  2 spectral bunyips (Tar:2)
  18 cherubim
  4 quicksilver dragon simulacra
  A spatial maelstrom (Abyss:4)
  11 wretched stars
  9 salamander mystics
  32 sixfirhies
  2 death drakes (shapeshifter) (Vaults:5)
  3 goliath frogs
  3 flayed ghosts
  8 skysharks
  An anaconda zombie (Crypt:3)
  2 glowing orange brains (shapeshifter)
  17 deep elf archers
  20 shadow demons
  3 sea snakes (Zot:1)
  13 swamp dragons
  An obsidian statue (IceCv)
  8 iron trolls
  2 sea snakes (shapeshifter)
  12 skeletal warriors
  3 orc knights
  11 mana vipers
  A mana viper (shapeshifter) (Depths:4)
  An orange crystal statue (WizLab)
  30 deep trolls
  5 naga ritualists
  2 spectral anacondas
  13 arcanists
  A sun moth (shapeshifter) (Depths:3)
  26 phantasmal warriors
  A spectral hydra (Tar:6)
  5 spriggan druids
  9 spriggan simulacra
  22 glowing orange brains
  8 sun moths (Pan)
  2 thermic dynamos
  4 bog bodies
  33 lindwurms
  53 starcursed masses
  An anaconda skeleton (Crypt:3)
  A bunyip skeleton (Crypt:3)
  A golden dragon skeleton (Abyss:3)
  47 large abominations
  25 necromancers
  8 harpies
  A fenstrider witch simulacrum (Crypt:1)
  25 deep elf pyromancers
  18 ironbound convokers
  33 deep elf zephyrmancers
  An obsidian bat (Abyss:3)
  A frost giant zombie (Vaults:1)
  2 orc sorcerers (Orc:1)
  5 wolf spiders
  A tengu skeleton (Depths:2)
  12 cyclopes
  2 shining eyes (shapeshifter)
  A spectral ice dragon (Tar:1)
  2 alligator skeletons
  46 ugly things
  8 shining eyes
  A stone giant zombie (Tomb:2)
  17 salamanders
  3 meliai (D:13)
  2 spectral ettins
  8 will-o-the-wisps
  2 elephants (Lair:5)
  4 Executioner simulacra (Pan)
  A spectral alligator snapping turtle (Tar:1)
  An iron dragon skeleton (Depths:2)
  A worldbinder (Abyss:3)
  A rust devil (Depths:4)
  43 moths of wrath
  2 manticores (D:15)
  4 meliai (shapeshifter)
  18 vault sentinels
  2 kobold blastminers (Orc:2)
  9 apocalypse crabs
  A torpor snail (shapeshifter) (Vaults:5)
  An eye of devastation (shapeshifter) (Elf:3)
  12 naga magi
  A centaur zombie (Crypt:3)
  10 molten gargoyles (Geh:7)
  5 gargoyles
  34 smoke demons
  An alligator snapping turtle zombie (Crypt:3)
  A dire elephant skeleton (Crypt:3)
  9 guardian serpents
  22 orange demons
  25 black mambas
  6 ice statues
  6 titan simulacra
  2 centaur skeletons
  11 eyes of devastation
  A catoblepas zombie (Crypt:2)
  21 cane toads
  3 dire elephant zombies
  Maggie (D:9)
  46 hellions
  7 rime drakes
  13 komodo dragons
  An unseen horror (shapeshifter) (Elf:1)
  3 kobold demonologists
  4 naga skeletons
  5 unseen horrors (Tar:7)
  6 efreet
  2 alligator snapping turtle skeletons
  2 bunyip simulacra (Coc:2)
  3 tengu conjurers
  15 ice devils
  A spectral deep troll (Tar:2)
  31 tormentors
  4 anaconda simulacra
  4 golden dragon simulacra
  21 yaktaurs
  13 freezing wraiths
  3 iron giant simulacra
  A great orb of eyes zombie (Crypt:1)
  A hydra zombie (Tomb:3)
  43 guardian mummies
  A troll (shapeshifter) (Elf:1)
  12 ancient zymes
  2 spectral harpies
  12 trolls
  A merfolk (shapeshifter) (D:15)
  5 harpy zombies
  A polar bear (shapeshifter) (Elf:1)
  33 hellwings
  2 yaktaur skeletons
  9 red devils
  2 polar bears (Lair:2)
  A shadow dragon simulacrum (Coc:1)
  6 tyrant leeches
  A tarantella (Vaults:1)
  A bloated husk (Swamp:1)
  2 harpy skeletons (Crypt:3)
  A hydra skeleton (Tomb:3)
  12 raiju
  A tengu simulacrum (Depths:2)
  A tarantella (shapeshifter) (Elf:1)
  6 blink frogs
  An alligator simulacrum (IceCv)
  2 raiju (shapeshifter)
  A dream sheep (shapeshifter) (Depths:2)
  6 dream sheep (Lair:5)
  17 hornets
  5 human skeletons (Vaults:1)
  3 jumping spiders
  2 ettin zombies (Crypt:3)
  A snapping turtle (shapeshifter) (Vaults:2)
  3 iron dragon simulacra
  2 stone giant simulacra
  4 air elementals
  A culicivora (shapeshifter) (Depths:4)
  5 glass eyes
  A deep troll skeleton (Vaults:1)
  10 dire elephant simulacra
  A slime creature zombie (Crypt:2)
  A centaur simulacrum (Hell)
  130 slime creatures
  A spriggan (shapeshifter) (Abyss:3)
  22 wraiths
  16 water elementals
  An ettin skeleton (Crypt:2)
  3 fire bats (Pan)
  3 shadows
  9 wyverns
  27 ynoxinuls
  23 ushabtiu
  17 spriggans
  5 humans
  71 yaks
  A steam dragon (D:6)
  2 basilisks (shapeshifter)
  13 golden eyes
  2 human simulacra (Vaults:1)
  8 basilisks
  7 wargs
  2 minotaur simulacra (IceCv)
  37 neqoxecs
  6 fire elementals
  14 redbacks
  20 vampire mosquitoes
  2 redbacks (shapeshifter) (Vaults:5)
  18 chaos spawn
  16 harpy simulacra
  2 spatial vortices (Abyss:4)
  16 swamp worms
  An ogre zombie (Vaults:1)
  A swamp worm (shapeshifter) (Depths:2)
  44 nagas
  6 acid dragons
  10 hell hounds
  2 hydra simulacra
  14 water moccasins
  A hornet zombie (Crypt:2)
  22 orc warriors
  7 swamp drakes (Swamp:4)
  4 black bears
  2 ice beasts
  20 laughing skulls
  2 human zombies (Vaults:1)
  A sky beast (D:6)
  2 manticore zombies
  4 ettin simulacra
  22 ogres
  7 small abominations
  A tengu (shapeshifter) (D:14)
  An elephant zombie (Crypt:1)
  5 wolves (Lair:2)
  12 centaurs
  A swamp dragon skeleton (Tomb:1)
  A phantom (D:4)
  A rime drake zombie (Crypt:2)
  8 bullfrogs
  A kobold brigand (D:8)
  2 brain worms
  5 weeping skulls (Abyss:4)
  A yaktaur zombie (Crypt:2)
  A scorpion (D:6)
  3 deep troll simulacra (IceCv)
  5 earth elementals
  3 gnoll sergeants
  4 naga simulacra
  11 wyvern skeletons (Crypt:3)
  4 wights
  15 killer bees
  A lindwurm simulacrum (IceCv)
  6 electric eels
  3 lava snakes (Lair:2)
  6 howler monkeys
  5 quasits (Abyss:3)
  Crazy Yiuf (D:3)
  4 hounds
  2 jellies
  12 orc priests
  A bullfrog skeleton (Crypt:2)
  15 iguanas
  Terence (D:2)
  24 orc wizards
  11 hell rats
  45 mummies
  11 gnolls
  5 adders
  10 river rats (Lair:4)
  2 shadow imps (Tar:7)
  2 white imps
  6 ufetubi
  2 ribbon worms
  2 dart slugs
  A ribbon worm (shapeshifter) (Elf:1)
  73 orcs
  9 endoplasms
  2 giant cockroaches
  2 goblins
  7 hobgoblins
  4 quokkas
  4 ball pythons
  7 bats
  7 frilled lizards
  A frilled lizard zombie (Crypt:1)
  8 kobolds
  5 rats
  A river rat skeleton (Crypt:1)
  2 aspiring fleshes
  A ball lightning (Pan)
  6 creeping infernos
  5 fire vortices
  3 lurking horrors
  32 starspawn tentacles
4584 creatures vanquished.

Vanquished Creatures (collateral kills)
  3 caustic shrikes
  6 titans (Coc:7)
  3 narguns (Coc:7)
  4 elemental wellsprings (Coc:7)
  4 wendigos (Coc:7)
  An ice statue (Coc:7)
21 creatures vanquished.

Vanquished Creatures (others)
  A golden dragon (Depths:4)
  A hellephant (Geh:7)
  2 Ice Fiends (Coc:7)
  A draconian knight (Zot:2)
  A caustic shrike simulacrum (Coc:6)
  A deep elf knight (Elf:2)
  A sixfirhy (Pan)
  3 quicksilver dragon simulacra
  A glowing orange brain (Pan)
  2 spriggan simulacra
  A deep elf pyromancer (Elf:2)
  An anaconda simulacrum (Coc:3)
  A tengu conjurer (D:14)
  A red devil (Lair:5)
  A bloated husk (Swamp:2)
  A slime creature (Slime:5)
  A ynoxinul (Pan)
  A small abomination (Abyss:3)
  3 harpy simulacra (Coc:3)
  An ettin simulacrum (Coc:7)
  A bombardier beetle (D:5)
  A hell rat (Hell)
  10 ball lightnings (Pan)
  A creeping inferno (Geh:7)
  25 foxfires
  2 lurking horrors
  51 starspawn tentacles
117 creatures vanquished.

Grand Total: 4722 creatures vanquished

Notes
Turn   | Place    | Note
-------+----------+-------------------------------------------
     0 | D:1      | soonmide the Demonspawn Gladiator began the quest for the
                  | Orb.
     0 | D:1      | Reached XP level 1. HP: 16/16 MP: 1/1
   296 | D:1      | Reached skill level 1 in Stealth
   339 | D:1      | Gained mutation: You have a pair of small horns on your
                  | head. [demonic ancestry]
   339 | D:1      | Reached XP level 2. HP: 22/22 MP: 2/2
   525 | D:1      | Found Itaqurgh's Distillery.
   530 | D:1      | Bought a potion of curing for 39 gold pieces
   912 | D:2      | Noticed Terence
   925 | D:2      | Gained mutation: You are partially covered in thin metallic
                  | scales. (AC +2) [demonic ancestry]
   925 | D:2      | Reached XP level 3. HP: 22/27 MP: 3/3
  1167 | D:2      | Found an iron altar of Okawaru.
  1174 | D:2      | Became a worshipper of Warmaster Okawaru
  1188 | D:2      | Killed Terence
  1189 | D:2      | Reached XP level 4. HP: 34/34 MP: 4/4
  1537 | D:3      | Found a radiant altar of Vehumet.
  1656 | D:1      | Bought a potion of heal wounds for 65 gold pieces
  2246 | D:3      | Found a faded altar of an unknown god.
  2326 | D:3      | Found a runed translucent door.
  2327 | D:3      | Noticed Crazy Yiuf
  2354 | D:3      | Killed Crazy Yiuf
  2477 | D:4      | Reached XP level 5. HP: 28/40 MP: 3/5
  2561 | D:4      | Found an opulent altar of Gozag.
  2561 | D:4      | Found a sparkling altar of Nemelex Xobeh.
  2602 | D:4      | You fall into a shaft and drop 3 floors!
  2844 | D:7      | Noticed a black bear
  3063 | D:6      | Noticed an ice beast
  3075 | D:6      | Killed an ice beast
  3075 | D:6      | Reached * piety under Okawaru
  3076 | D:6      | Reached XP level 6. HP: 41/47 MP: 4/6
  3152 | D:5      | Entered Level 5 of the Dungeon
  3236 | D:4      | Reached skill level 1 in Invocations
  3308 | D:4      | Found a staircase to the Ecumenical Temple.
  3315 | Temple   | Entered the Ecumenical Temple
  3531 | D:4      | Reached skill level 5 in Polearms
  3531 | D:4      | Reached skill level 1 in Armour
  3531 | D:4      | Reached XP level 7. HP: 39/54 MP: 8/8
  3679 | D:4      | Found a hazy altar of Hepliaklqana.
  3689 | D:4      | Found an iron altar of Okawaru.
  3763 | D:4      | Noticed a wyvern
  3772 | D:4      | Killed a wyvern
  3772 | D:4      | Reached ** piety under Okawaru
  4219 | D:5      | Reached skill level 1 in Shields
  4263 | D:5      | Gained mutation: You sometimes gain a little power by
                  | taking damage. [demonic ancestry]
  4263 | D:5      | Reached XP level 8. HP: 58/61 MP: 9/9
  4523 | D:5      | Found a bloodstained altar of Trog.
  4725 | D:5      | Found a stormy altar of Qazlal.
  4733 | D:5      | Noticed an air elemental
  4847 | D:6      | Noticed a +0 spear
  4848 | D:6      | Noticed a +0 short sword
  4849 | D:6      | Noticed a +0 spear
  4849 | D:6      | Noticed a +0 falchion
  4850 | D:6      | Noticed a +0 dagger
  4850 | D:6      | Noticed a +0 falchion
  4850 | D:6      | Noticed a +0 short sword
  4850 | D:6      | Noticed a +0 dagger
  4852 | D:6      | Found a hide-covered altar of Uskayaw.
  4867 | D:6      | Reached *** piety under Okawaru
  5110 | D:6      | Found a snail-covered altar of Cheibriados.
  5178 | D:6      | Found a shimmering blue altar of Sif Muna.
  5196 | D:6      | Reached skill level 5 in Fighting
  5309 | D:6      | Found an ancient bone altar of Kikubaaqudgha.
  5309 | D:6      | Found a blossoming altar of Fedhas.
  6276 | D:8      | Found a burning altar of Makhleb.
  6296 | D:8      | Gained mutation: You have a pair of horns on your head.
                  | [demonic ancestry]
  6296 | D:8      | Reached XP level 9. HP: 58/68 MP: 10/10
  6746 | D:8      | Reached skill level 5 in Throwing
  6857 | D:8      | Reached **** piety under Okawaru
  7241 | D:8      | Reached ***** piety under Okawaru
  7242 | D:8      | Reached skill level 5 in Invocations
  7736 | D:9      | Reached XP level 10. HP: 66/79 MP: 13/13
  7995 | D:9      | Found a staircase to the Lair.
  8146 | D:9      | Found a staircase to the Orcish Mines.
  8302 | D:9      | Received a gift from Okawaru
  8433 | D:9      | Noticed Maggie
  8438 | D:9      | Killed Maggie
  9088 | Orc:1    | Entered Level 1 of the Orcish Mines
  9239 | Orc:2    | Entered Level 2 of the Orcish Mines
  9243 | Orc:2    | Noticed Jorgrun
  9254 | Orc:2    | Noticed an orc high priest
  9259 | Orc:1    | Killed Jorgrun
  9260 | Orc:1    | Reached XP level 11. HP: 82/89 MP: 13/16
  9275 | Orc:2    | Killed an orc high priest
  9276 | Orc:2    | Reached skill level 10 in Polearms
  9557 | Orc:2    | Found Moabuk's Book Shop.
  9582 | Orc:2    | Found a staircase to the Elven Halls.
  9592 | Orc:2    | Noticed an ogre mage
  9610 | Orc:2    | Killed an ogre mage
  9611 | Orc:2    | Reached skill level 10 in Fighting
  9612 | Orc:2    | Noticed a deep troll
  9614 | Orc:2    | Received a gift from Okawaru
  9636 | Orc:2    | Killed a deep troll
  9641 | Orc:2    | Noticed a two-headed ogre
  9657 | Orc:2    | Killed a two-headed ogre
  9873 | Orc:2    | Noticed a two-headed ogre
  9990 | Orc:2    | Killed a two-headed ogre
  9990 | Orc:2    | Reached ****** piety under Okawaru
  9991 | Orc:2    | Acquired the +11 demon trident of Qonyuqin {elec, *Noise
                  | rElec rC+ Dex+3}
  9991 | Orc:2    | Received a gift from Okawaru
  9996 | Orc:2    | Acquired the +2 crystal plate armour of the Sun {^Contam
                  | rN+++ rCorr Dex+3}
  9996 | Orc:2    | Received a gift from Okawaru
 10015 | Orc:2    | Noticed an ogre mage
 10023 | Orc:2    | Killed an ogre mage
 10027 | Orc:2    | Noticed a two-headed ogre
 10034 | Orc:2    | Killed a two-headed ogre
 10035 | Orc:2    | Reached skill level 5 in Armour
 10043 | Orc:2    | Noticed a two-headed ogre
 10057 | Orc:2    | Killed a two-headed ogre
 10057 | Orc:2    | Received a gift from Okawaru
 10097 | Orc:2    | Noticed a deep troll
 10109 | Orc:2    | Killed a deep troll
 10110 | Orc:2    | Gained mutation: You regenerate magic rapidly. [demonic
                  | ancestry]
 10110 | Orc:2    | Reached XP level 12. HP: 90/98 MP: 17/17
 10173 | Orc:2    | Noticed a two-headed ogre
 10181 | Orc:2    | Killed a two-headed ogre
 10182 | Orc:2    | Found Vale's Magic Scroll Emporium.
 10194 | Orc:2    | Noticed a two-headed ogre
 10201 | Orc:2    | Killed a two-headed ogre
 10215 | Orc:2    | Found Aluog's Jewellery Boutique.
 10234 | Orc:2    | Received a gift from Okawaru
 10276 | Orc:2    | Noticed a two-headed ogre
 10284 | Orc:2    | Killed a two-headed ogre
 10444 | Orc:2    | Noticed a two-headed ogre
 10451 | Orc:2    | Killed a two-headed ogre
 10460 | Orc:2    | Found Yseorr's Armour Shoppe.
 10461 | Orc:2    | Found Ashraxoid's Antique Weapon Shoppe.
 10941 | Orc:1    | Noticed an orc warlord
 10965 | Orc:2    | Reached skill level 10 in Armour
 11347 | Orc:1    | Received a gift from Okawaru
 11468 | Orc:2    | Killed an orc warlord
 11761 | Lair:1   | Entered Level 1 of the Lair of Beasts
 11889 | Lair:1   | Found a dark tunnel.
 11935 | Lair:1   | Received a gift from Okawaru
 11936 | Lair:1   | Gained mutation: You sometimes gain power by taking damage.
                  | [demonic ancestry]
 11936 | Lair:1   | Reached XP level 13. HP: 65/104 MP: 14/18
 12024 | Lair:1   | Found a gate leading to a gauntlet.
 12031 | Gauntlet | Entered a Gauntlet
 12031 | Gauntlet | Found a transporter.
 12031 | Gauntlet | Found a transporter.
 12031 | Gauntlet | Found a transporter.
 12040 | Gauntlet | Found a transporter.
 12066 | Gauntlet | Found a transporter.
 12074 | Gauntlet | Identified the amulet "Tugijohoga" {Acrobat rF- MP-9 Str+5
                  | Int+3}
 12076 | Gauntlet | Identified the +0 cloak of the Mantidfly {Rampage Regen+
                  | Dex+5}
 12083 | Gauntlet | Found a transporter.
 12093 | Gauntlet | Identified the +2 helmet of Charity {rC+ Str+3 Slay+3}
 12126 | Gauntlet | Found a transporter.
 12150 | Gauntlet | Noticed a minotaur
 12159 | Gauntlet | Killed a minotaur
 12240 | Volcano  | Entered a volcano
 12499 | Volcano  | Noticed a stone giant
 12512 | Volcano  | Killed a stone giant
 13190 | Lair:1   | Received a gift from Okawaru
 13979 | Lair:2   | Found a staircase to the Snake Pit.
 14254 | Lair:2   | Identified a scroll of acquirement
 14254 | Lair:2   | Acquired a manual of Invocations
 14466 | Lair:2   | Reached skill level 10 in Invocations
 14730 | Lair:2   | Received a gift from Okawaru
 14822 | Lair:3   | Found a staircase to the Swamp.
 15029 | Lair:3   | Upgraded the game from 0.32-a0-953-g508020473e to
                  | 0.32-a0-975-g85d4e5bfdb
 15071 | Lair:3   | Gained mutation: You are powered by pain. [demonic
                  | ancestry]
 15071 | Lair:3   | Reached XP level 14. HP: 100/114 MP: 20/22
 15914 | Lair:4   | Received a gift from Okawaru
 16561 | Lair:5   | Entered Level 5 of the Lair of Beasts
 16583 | Lair:5   | Noticed Rupert
 16771 | D:10     | Entered Level 10 of the Dungeon
 17773 | D:11     | Found Waelek's Weapon Boutique.
 17903 | D:11     | Noticed Erica
 17912 | D:11     | Killed Erica
 17920 | D:11     | Received a gift from Okawaru
 17954 | D:11     | Noticed a stone giant
 17969 | D:11     | Killed a stone giant
 18032 | D:11     | Identified the +0 long sword "Feyhirch" {distort, Will++}
 18328 | D:11     | Received a gift from Okawaru
 18329 | D:11     | Reached skill level 15 in Invocations
 18393 | D:11     | Learned a level 2 spell: Blink
 18918 | D:12     | Found Dimuuq's Distillery.
 18937 | D:12     | Bought 2 potions of cancellation for 288 gold pieces
 18937 | D:12     | Bought a potion of heal wounds for 90 gold pieces
 19016 | D:12     | Noticed Josephine
 19021 | D:12     | Killed Josephine
 19139 | D:12     | Gained mutation: You punish those that try to bend your
                  | will. (Will+) [demonic ancestry]
 19139 | D:12     | Reached XP level 15. HP: 120/120 MP: 26/26
 19810 | Snake:1  | Entered Level 1 of the Snake Pit
 19836 | Snake:1  | Noticed Azrael
 19843 | Snake:1  | Received a gift from Okawaru
 19857 | Snake:1  | Killed Azrael
 20270 | Snake:1  | Noticed a nagaraja
 20291 | Snake:1  | Killed a nagaraja
 20316 | Snake:1  | Received a gift from Okawaru
 20368 | Snake:1  | Reached skill level 10 in Throwing
 20492 | Snake:1  | Reached skill level 1 in Evocations
 20594 | Snake:1  | Noticed a nagaraja
 20609 | Snake:1  | Killed a nagaraja
 20746 | Snake:1  | Noticed a nagaraja
 20765 | Snake:1  | Killed a nagaraja
 21408 | Snake:1  | Reached skill level 5 in Shields
 21474 | Snake:1  | Received a gift from Okawaru
 21816 | Snake:2  | Reached skill level 5 in Evocations
 21825 | Snake:2  | Noticed a tentacled monstrosity
 21842 | Snake:2  | Killed a tentacled monstrosity
 21842 | Snake:2  | Received a gift from Okawaru
 21856 | Snake:2  | Reached skill level 15 in Armour
 21856 | Snake:2  | Reached XP level 16. HP: 124/127 MP: 28/28
 21999 | Snake:2  | Noticed a tentacled monstrosity
 22012 | Snake:2  | Killed a tentacled monstrosity
 22488 | Snake:2  | Noticed Vashnia
 22504 | Arena    | Entered the Arena
 22509 | Arena    | Killed Vashnia
 22509 | Arena    | Received a gift from Okawaru
 22965 | Snake:3  | Found Modom's Book Shoppe.
 22993 | Snake:3  | Found a glacial archway.
 23000 | IceCv    | Entered an ice cave
 23142 | IceCv    | Noticed an Ice Fiend
 23269 | IceCv    | Killed an Ice Fiend
 23269 | IceCv    | Received a gift from Okawaru
 23560 | IceCv    | Noticed an Ice Fiend
 23572 | IceCv    | Killed an Ice Fiend
 23843 | Snake:3  | Noticed Louise
 23869 | Snake:3  | Killed Louise
 23998 | Snake:3  | Noticed Bai Suzhen
 24042 | Snake:3  | Killed Bai Suzhen
 24310 | Snake:3  | Noticed Asterion
 24330 | Snake:3  | Killed Asterion
 24336 | Snake:3  | HP: 4/129 [naga sharpshooter/arrow (10)]
 25616 | D:13     | Found a runed translucent door.
 25619 | D:13     | Noticed Heussueq's ghost (journeyman SpBr)
 25639 | D:13     | Killed Heussueq's ghost
 25648 | D:13     | Identified the +6 whip of Liclihu {elec, rElec rF- Str+6}
 25787 | D:13     | Received a gift from Okawaru
 25799 | D:13     | Gained mutation: You are mostly covered in thin metallic
                  | scales. (AC +3) [demonic ancestry]
 25799 | D:13     | Reached XP level 17. HP: 41/135 MP: 27/29
 26068 | D:13     | Found a gate to the Vaults.
 27147 | D:14     | Received a gift from Okawaru
 27851 | Elf:1    | Entered Level 1 of the Elven Halls
 28160 | Elf:1    | Received a gift from Okawaru
 28164 | Elf:1    | Reached skill level 10 in Shields
 28478 | Elf:1    | Paralysed by an air elemental for 1 turns
 28928 | Swamp:1  | Entered Level 1 of the Swamp
 29007 | Swamp:1  | Received a gift from Okawaru
 29213 | Swamp:1  | Noticed Frances
 29229 | Swamp:1  | Killed Frances
 29726 | Swamp:2  | Noticed Donald
 29730 | Swamp:2  | Received a gift from Okawaru
 29766 | Swamp:1  | Killed Donald
 30131 | Swamp:2  | Reached XP level 18. HP: 129/146 MP: 29/31
 30553 | Swamp:3  | Identified the +2 quarterstaff "Ufra" {protect, rElec Str+3
                  | Int+2}
 30972 | Swamp:3  | Received a gift from Okawaru
 31540 | Swamp:4  | Entered Level 4 of the Swamp
 31806 | Swamp:4  | Received a gift from Okawaru
 31907 | Swamp:4  | Got a decaying rune of Zot
 32291 | Snake:4  | Entered Level 4 of the Snake Pit
 32438 | Snake:4  | Reached skill level 15 in Fighting
 32772 | Snake:4  | Received a gift from Okawaru
 33258 | Snake:4  | Received a gift from Okawaru
 33584 | Snake:4  | Reached XP level 19. HP: 152/155 MP: 26/32
 33597 | Snake:4  | Got a serpentine rune of Zot
 34116 | Lair:5   | Found a viscous altar of Jiyva.
 34116 | Lair:5   | Found a staircase to the Slime Pits.
 34404 | Lair:5   | Found a burning altar of Makhleb.
 34428 | Lair:5   | Received a gift from Okawaru
 34438 | Lair:5   | Found a gateway to Hell.
 35312 | Vaults:1 | Entered Level 1 of the Vaults
 35679 | Vaults:1 | Received a gift from Okawaru
 36246 | Vaults:1 | Found Bink's Magic Scroll Shop.
 36254 | Vaults:1 | Bought a scroll of blinking for 120 gold pieces
 36254 | Vaults:1 | Bought a scroll of blinking for 120 gold pieces
 36787 | Vaults:1 | Received a gift from Okawaru
 37543 | Vaults:1 | Received a gift from Okawaru
 37733 | Vaults:1 | Found Dam Saps's Antique Armour Shoppe.
 38222 | Elf:2    | Gained mutation: You have a pair of large horns on your
                  | head. [demonic ancestry]
 38222 | Elf:2    | Reached XP level 20. HP: 140/162 MP: 27/33
 38399 | Elf:2    | Reached skill level 10 in Evocations
 38586 | Elf:2    | Reached skill level 15 in Polearms
 38617 | Elf:2    | Received a gift from Okawaru
 38662 | Elf:2    | Paralysed by an air elemental for 1 turns
 38803 | Elf:2    | Found Nessiz's Assorted Antiques.
 38809 | Elf:2    | Bought a scroll of enchant armour for 277 gold pieces
 38829 | Elf:2    | Found a runed translucent gate.
 38830 | Elf:2    | Found a runed translucent gate.
 38830 | Elf:2    | Found a runed translucent gate.
 38950 | Elf:2    | Found the +3 pair of gauntlets of War {Slay+5}
 39477 | Elf:3    | Entered Level 3 of the Elven Halls
 39586 | Elf:3    | Received a gift from Okawaru
 39672 | Elf:3    | Paralysed by an air elemental for 1 turns
 40185 | Elf:3    | Received a gift from Okawaru
 40307 | Elf:3    | Found the +3 hat of Pondering {ponderous, Will+ MP+10
                  | Int+5}
 40310 | Elf:3    | Identified the +7 short sword "Maclejov" {drain, rPois
                  | Str+4 Int+3 Dex-2}
 40393 | Elf:3    | Identified the +4 great mace of Cowardice {drain, Will++}
 40449 | Elf:3    | Got the Disquisition on the Fairies
 40482 | Elf:3    | Identified the +7 sling "Guito" {flame, rElec Will+ rCorr
                  | Int+3}
 40761 | Slime:1  | Entered Level 1 of the Pits of Slime
 40764 | Slime:1  | Paralysed by a formless jellyfish for 1 turns
 40976 | Lair:5   | Killed Rupert
 41187 | D:15     | Entered Level 15 of the Dungeon
 41258 | D:15     | Gained mutation: When hurt, damage is shared between your
                  | health and your magic reserves. [demonic ancestry]
 41258 | D:15     | Reached XP level 21. HP: 171/171 MP: 34/34
 41417 | D:15     | Found a staircase to the Depths.
 41446 | D:15     | Identified the +0 robe "Umakoji" {rF+ Stlth+}
 41614 | D:15     | Received a gift from Okawaru
 41966 | D:15     | Found an ornate altar of the Wu Jian Council.
 42044 | Depths:1 | Entered Level 1 of the Depths
 42118 | Depths:1 | Reached skill level 5 in Dodging
 42172 | Depths:1 | Found a one-way gateway to a ziggurat.
 42225 | Depths:1 | Found Buppen's Book Boutique.
 42286 | Depths:1 | Found Wepn's Book Shop.
 42290 | Depths:1 | Found a one-way gate to the infinite horrors of the Abyss.
 42363 | Depths:1 | Found a magical portal.
 42371 | WizLab   | Entered Lehudib's Moon Base
 42599 | WizLab   | Received a gift from Okawaru
 42887 | WizLab   | Found a transporter.
 43117 | WizLab   | Found a transporter.
 43160 | WizLab   | Reached skill level 1 in Spellcasting
 43160 | WizLab   | Reached skill level 1 in Translocations
 43301 | WizLab   | Got Lehudib's Collected Works on the Transforming Boulder
 43335 | WizLab   | Identified the amulet of the Twisting Gods {rPois rN+
                  | RegenMP+ rCorr MP+9}
 43354 | Depths:1 | Gained mutation: Your body sometimes deteriorates upon
                  | taking damage. [potion of mutation]
 43354 | Depths:1 | Gained mutation: You are strong-willed. (Will+) [potion of
                  | mutation]
 43354 | Depths:1 | Gained mutation: Your flesh is cold resistant. (rC+)
                  | [potion of mutation]
 43355 | Depths:1 | Lost mutation: You are strong-willed. (Will+) [potion of
                  | mutation]
 43355 | Depths:1 | Lost mutation: Your flesh is cold resistant. (rC+) [potion
                  | of mutation]
 43355 | Depths:1 | Gained mutation: Your spells are a little harder to cast,
                  | but a little more powerful. [potion of mutation]
 43355 | Depths:1 | Gained mutation: Your spells are harder to cast, but more
                  | powerful. [potion of mutation]
 43356 | Depths:1 | Lost mutation: Your spells are harder to cast, but more
                  | powerful. [potion of mutation]
 43356 | Depths:1 | Lost mutation: Your body sometimes deteriorates upon taking
                  | damage. [potion of mutation]
 43356 | Depths:1 | Gained mutation: You have an increased reservoir of magic.
                  | (+10% MP) [potion of mutation]
 43356 | Depths:1 | Lost mutation: You have an increased reservoir of magic.
                  | (+10% MP) [potion of mutation]
 43357 | Depths:1 | Lost mutation: Your spells are a little harder to cast, but
                  | a little more powerful. [potion of mutation]
 43357 | Depths:1 | Gained mutation: You are dopey. (Int -2) [potion of
                  | mutation]
 43357 | Depths:1 | Gained mutation: You are clumsy. (Dex -2) [potion of
                  | mutation]
 43357 | Depths:1 | Gained mutation: You expend magic power (3 MP) to
                  | strengthen your wands. [potion of mutation]
 43358 | Depths:1 | Lost mutation: You are clumsy. (Dex -2) [potion of
                  | mutation]
 43358 | Depths:1 | Lost mutation: You expend magic power (3 MP) to strengthen
                  | your wands. [potion of mutation]
 43358 | Depths:1 | Gained mutation: You expend magic power (3 MP) to
                  | strengthen your wands. [potion of mutation]
 43358 | Depths:1 | Lost mutation: You are dopey. (Int -2) [potion of mutation]
 43358 | Depths:1 | Gained mutation: You have large cloven feet. [potion of
                  | mutation]
 43591 | Depths:1 | Received a gift from Okawaru
 43654 | Depths:1 | You fall into a shaft and drop 1 floor!
 44305 | Depths:2 | Found Mub Paih's Magic Scroll Emporium.
 44352 | Depths:2 | Reached XP level 22. HP: 128/179 MP: 25/35
 44408 | Depths:2 | Noticed a juggernaut
 44425 | Depths:2 | Killed a juggernaut
 44777 | Depths:2 | Received a gift from Okawaru
 45044 | Depths:2 | Found a one-way gate leading to the halls of Pandemonium.
 45333 | Depths:3 | Reached skill level 5 in Spellcasting
 45333 | Depths:3 | Reached skill level 5 in Translocations
 45631 | Depths:3 | Found a sacrificial altar of Ru.
 45651 | Depths:3 | Noticed Mara
 45661 | Depths:3 | Noticed soonmide's illusion
 45665 | Depths:3 | Killed Mara
 45665 | Depths:3 | Received a gift from Okawaru
 45723 | Depths:3 | Noticed a juggernaut
 45735 | Depths:3 | Killed a juggernaut
 45936 | Depths:3 | Identified the ring of the Evening {Fire Will+ Str+4 Dex+3}
 46032 | Depths:3 | Noticed a caustic shrike
 46042 | Depths:3 | Killed a caustic shrike
 46212 | Depths:3 | Found a runed translucent door.
 46215 | Depths:3 | Found a runed translucent door.
 46215 | Depths:3 | Found a runed translucent door.
 46316 | Depths:3 | Identified the ring of Sunlight {MP-9 Str+2 Int+3 Dex+6}
 46319 | Depths:3 | Identified the ring of Iphutomo {rF+ Str+5}
 46329 | Depths:3 | Identified the ring of Dillig {rPois rCorr Int+3}
 46420 | Depths:3 | Reached skill level 5 in Stealth
 46506 | Depths:4 | Entered Level 4 of the Depths
 46510 | Depths:4 | Noticed the Enchantress
 46529 | Depths:4 | Killed the Enchantress
 46539 | Depths:4 | Received a gift from Okawaru
 46629 | Depths:4 | Noticed a juggernaut
 46652 | Depths:4 | Killed a juggernaut
 46661 | Abyss:3  | Found a corrupted altar of Lugonu.
 46661 | Abyss:3  | Cast into level 3 of the Abyss (black draconian knight)
 46674 | Abyss:3  | Found a corrupted altar of Lugonu.
 46805 | Abyss:3  | Gained mutation: Your spells are a little easier to cast,
                  | but a little less powerful. [a shining eye]
 46895 | Abyss:3  | Gained mutation: You are resistant to unholy torment.
                  | [demonic ancestry]
 46895 | Abyss:3  | Reached XP level 23. HP: 187/187 MP: 36/36
 46957 | Abyss:3  | Received a gift from Okawaru
 47142 | Abyss:3  | Gained mutation: You are vulnerable to cold. (rC-) [a
                  | neqoxec]
 47190 | Abyss:4  | Found a roughly hewn altar of Beogh.
 47492 | Abyss:4  | Gained mutation: You sometimes lose your temper in combat.
                  | [a neqoxec]
 47518 | Abyss:4  | Received a gift from Okawaru
 47537 | Depths:4 | Escaped the Abyss
 47670 | Depths:3 | Lost mutation: You expend magic power (3 MP) to strengthen
                  | your wands. [potion of mutation]
 47670 | Depths:3 | Lost mutation: Your spells are a little easier to cast, but
                  | a little less powerful. [potion of mutation]
 47670 | Depths:3 | Lost mutation: You have large cloven feet. [potion of
                  | mutation]
 47670 | Depths:3 | Gained mutation: Your mind is acute. (Int +4, Str/Dex -1)
                  | [potion of mutation]
 47671 | Depths:3 | Lost mutation: You sometimes lose your temper in combat.
                  | [potion of mutation]
 47671 | Depths:3 | Lost mutation: Your mind is acute. (Int +4, Str/Dex -1)
                  | [potion of mutation]
 47671 | Depths:3 | Lost mutation: You are vulnerable to cold. (rC-) [potion of
                  | mutation]
 47671 | Depths:3 | Gained mutation: You have large cloven feet. [potion of
                  | mutation]
 47671 | Depths:3 | Gained mutation: You are frail. (-10% HP) [potion of
                  | mutation]
 47672 | Depths:3 | Lost mutation: You are frail. (-10% HP) [potion of
                  | mutation]
 47672 | Depths:3 | Lost mutation: You have large cloven feet. [potion of
                  | mutation]
 47672 | Depths:3 | Gained mutation: You have hidden genetic potential. [potion
                  | of mutation]
 47672 | Depths:3 | Gained mutation: Your mind is acute. (Int +4, Str/Dex -1)
                  | [potion of mutation]
 48092 | Vaults:2 | Found a staircase to the Crypt.
 48092 | Vaults:2 | Found an ancient bone altar of Kikubaaqudgha.
 48092 | Vaults:2 | Found a basalt altar of Yredelemnul.
 48142 | Vaults:2 | Identified the +6 dire flail of Wyrd {freeze, rC+ Will+}
 48268 | Vaults:2 | Found Inawosta's Antique Weapon Emporium.
 48435 | Vaults:2 | Found a portal to a secret trove of treasure.
 48492 | Vaults:2 | Received a gift from Okawaru
 49376 | Vaults:3 | Found Anebetir's Antique Armour Shoppe.
 49444 | Vaults:3 | Identified the ring "Lufun" {rPois Dex+3 Stlth-}
 49483 | Vaults:3 | Found Hono's Weapon Shop.
 49631 | Vaults:3 | Received a gift from Okawaru
 50261 | Vaults:3 | Reached XP level 24. HP: 152/198 MP: 35/36
 50762 | Vaults:4 | Received a gift from Okawaru
 51089 | Vaults:4 | Identified the +0 arbalest "Bajuhus" {drain, rPois rC++
                  | Will- Stlth+}
 51134 | Vaults:4 | Found Deykon's Book Boutique.
 51278 | Vaults:4 | Received a gift from Okawaru
 51660 | Vaults:5 | Entered Level 5 of the Vaults
 51707 | Vaults:5 | Identified the ring of the Seeker {MP+9 EV+5 Dex+3}
 51707 | Vaults:5 | Gained mutation: You are agile. (Dex +4, Str/Int -1)
                  | [hidden potential]
 51771 | Vaults:5 | Received a gift from Okawaru
 52068 | Vaults:5 | Identified the +5 rapier "Singumy" {heavy, *Corrode ^Drain
                  | rF+ Dex+4}
 52173 | Vaults:5 | Received a gift from Okawaru
 52310 | Vaults:5 | Got a silver rune of Zot
 52348 | Vaults:5 | Gained mutation: When low on magic, you restore magic in
                  | place of health. [demonic ancestry]
 52348 | Vaults:5 | Reached XP level 25. HP: 210/210 MP: 38/38
 52387 | Vaults:5 | Found the +5 scythe "Finisher" {speed, execute}
 52451 | Vaults:5 | Identified the +9 hand axe "Xifodiar" {freeze, rElec rN+}
 52465 | Vaults:5 | Identified the ring "Ekasis" {rN++ EV+5 Slay+3}
 52636 | Vaults:5 | Found Gasiuts's Distillery.
 52641 | Vaults:5 | Bought a potion of berserk rage for 75 gold pieces
 52641 | Vaults:5 | Bought 2 potions of curing for 90 gold pieces
 52641 | Vaults:5 | Bought a potion of berserk rage for 75 gold pieces
 52669 | Vaults:5 | Found Juzuth's Magic Scroll Shoppe.
 52684 | Vaults:5 | Bought a scroll of enchant armour for 127 gold pieces
 52721 | Vaults:5 | Found Tome's Distillery.
 52726 | Vaults:5 | Bought a potion of curing for 66 gold pieces
 52726 | Vaults:5 | Bought a potion of heal wounds for 110 gold pieces
 52726 | Vaults:5 | Bought a potion of heal wounds for 110 gold pieces
 53393 | Orc:2    | Bought a scroll of fear for 48 gold pieces
 53393 | Orc:2    | Bought a scroll of blinking for 90 gold pieces
 53393 | Orc:2    | Bought a scroll of enchant armour for 90 gold pieces
 53643 | Vaults:2 | You paid a toll of +3 shadow dragon scales to enter a
                  | treasure trove
 53644 | Trove    | Entered a treasure trove
 54138 | Depths:4 | Received a gift from Okawaru
 54273 | Depths:4 | Found a gate to the Realm of Zot.
 54440 | Depths:4 | Found The Oracle's Delphic Readings.
 54449 | Depths:4 | Bought a book of Party Tricks for 330 gold pieces
 54449 | Depths:4 | Bought a scroll of poison for 60 gold pieces
 54451 | Depths:4 | Learned a level 1 spell: Apportation
 54676 | Depths:4 | Identified the +12 flail of Turmoil {holy, rPois}
 55153 | Crypt:1  | Entered Level 1 of the Crypt
 55357 | Crypt:1  | Received a gift from Okawaru
 55455 | Crypt:1  | Noticed Khufu
 55455 | Crypt:1  | Noticed a royal mummy
 55455 | Crypt:1  | Noticed a royal mummy
 55471 | Crypt:1  | Killed a royal mummy
 55480 | Crypt:1  | Killed Khufu
 55491 | Crypt:1  | Killed a royal mummy
 55498 | Crypt:1  | Gained mutation: You expend magic power (3 MP) to
                  | strengthen your wands. [hidden potential]
 55498 | Crypt:1  | Lost mutation: You have hidden genetic potential. [hidden
                  | potential expressed]
 56469 | Crypt:2  | Found a huge runed translucent gate.
 56469 | Crypt:2  | Found a huge runed translucent gate.
 56470 | Crypt:2  | Found a huge runed translucent gate.
 56477 | Crypt:2  | Found a huge runed translucent gate.
 56477 | Crypt:2  | Found a huge runed translucent gate.
 56478 | Crypt:2  | Found a huge runed translucent gate.
 56478 | Crypt:2  | Found a huge runed translucent gate.
 56478 | Crypt:2  | Found a huge runed translucent gate.
 56479 | Crypt:2  | Found a huge runed translucent gate.
 56480 | Crypt:2  | Found a huge runed translucent gate.
 56481 | Crypt:2  | Found a huge runed translucent gate.
 56481 | Crypt:2  | Found a huge runed translucent gate.
 56482 | Crypt:2  | Found a huge runed translucent gate.
 56483 | Crypt:2  | Found a huge runed translucent gate.
 56485 | Crypt:2  | Found a huge runed translucent gate.
 56485 | Crypt:2  | Found a huge runed translucent gate.
 56486 | Crypt:2  | Found a huge runed translucent gate.
 56486 | Crypt:2  | Found a huge runed translucent gate.
 56489 | Crypt:2  | Found a huge runed translucent gate.
 56490 | Crypt:2  | Found a huge runed translucent gate.
 56491 | Crypt:2  | Found a huge runed translucent gate.
 56491 | Crypt:2  | Found a huge runed translucent gate.
 56494 | Crypt:2  | Found a huge runed translucent gate.
 56495 | Crypt:2  | Found a huge runed translucent gate.
 56496 | Crypt:2  | Found a huge runed translucent gate.
 56496 | Crypt:2  | Found a huge runed translucent gate.
 56496 | Crypt:2  | Found a huge runed translucent gate.
 56496 | Crypt:2  | Found a huge runed translucent gate.
 56496 | Crypt:2  | Found a huge runed translucent gate.
 56496 | Crypt:2  | Found a huge runed translucent gate.
 56496 | Crypt:2  | Found a huge runed translucent gate.
 56504 | Crypt:2  | Found a huge runed translucent gate.
 56505 | Crypt:2  | Found a huge runed translucent gate.
 56506 | Crypt:2  | Found a huge runed translucent gate.
 56506 | Crypt:2  | Found a huge runed translucent gate.
 56506 | Crypt:2  | Found a huge runed translucent gate.
 56566 | Crypt:3  | Entered Level 3 of the Crypt
 56664 | Crypt:3  | Identified the staff of Hoplo {^Drain rPois Dex+5 Earth
                  | Alchemy}
 56922 | Crypt:3  | Found an ancient bone altar of Kikubaaqudgha.
 56934 | Crypt:3  | Received a gift from Okawaru
 57175 | Crypt:3  | Noticed a dread lich
 57182 | Crypt:3  | Identified the +3 morningstar of the Shark {antimagic,
                  | rPois rC+ Int+2}
 57185 | Crypt:3  | Killed a dread lich
 57210 | Crypt:3  | Noticed an ancient lich
 57223 | Crypt:3  | Killed an ancient lich
 57225 | Crypt:3  | Identified the ring of Paranoia {Fire rElec rN++ SInv}
 57237 | Crypt:3  | Identified the ring of Dephil {Wiz rN++}
 57241 | Crypt:3  | Identified the staff "Kugaisuqa" {rPois rC+ rN+ Will+
                  | Necro}
 57244 | Crypt:3  | Identified the +9 arbalest of Siunab {flame, rN+ Will-
                  | SInv}
 57245 | Crypt:3  | Identified the +3 mace of Cheibriados's Wrath {elec, rF+
                  | Will+}
 57252 | Crypt:3  | Identified the +5 whip "Karoput" {protect, Str+4 Int+2
                  | Dex+3}
 57718 | Crypt:3  | Found a staircase to the Tomb.
 57785 | Crypt:3  | Reached skill level 15 in Shields
 57955 | Crypt:3  | Identified the +1 sling of Mutilation {antimagic, rC+ rN+
                  | Int+3}
 57980 | Crypt:3  | Gained mutation: You can hurl damnation. [demonic ancestry]
 57980 | Crypt:3  | Reached XP level 26. HP: 218/218 MP: 38/38
 58393 | Tomb:1   | Entered Level 1 of the Tomb of the Ancients
 58456 | Tomb:1   | Received a gift from Okawaru
 58784 | Tomb:1   | Noticed a royal mummy
 58803 | Tomb:1   | Killed a royal mummy
 58946 | Tomb:1   | Noticed a royal mummy
 58959 | Tomb:1   | Killed a royal mummy
 59166 | Tomb:2   | Noticed a royal mummy
 59172 | Tomb:2   | Noticed a royal mummy
 59172 | Tomb:2   | Noticed a royal mummy
 59173 | Tomb:2   | Noticed a royal mummy
 59198 | Tomb:2   | Killed a royal mummy
 59208 | Tomb:2   | Killed a royal mummy
 59209 | Tomb:2   | Reached skill level 10 in Dodging
 59216 | Tomb:2   | Killed a royal mummy
 59238 | Tomb:2   | Killed a royal mummy
 59585 | Tomb:1   | Noticed a royal mummy
 59586 | Tomb:1   | Noticed a royal mummy
 59586 | Tomb:1   | Noticed a royal mummy
 59586 | Tomb:1   | Noticed a royal mummy
 59593 | Tomb:1   | Noticed a royal mummy
 59607 | Tomb:1   | Killed a royal mummy
 59635 | Tomb:1   | Killed a royal mummy
 59641 | Tomb:1   | Killed a royal mummy
 59644 | Tomb:1   | Killed a royal mummy
 59644 | Tomb:1   | Received a gift from Okawaru
 59654 | Tomb:1   | Killed a royal mummy
 59741 | Tomb:1   | Noticed a royal mummy
 59761 | Tomb:1   | Killed a royal mummy
 59788 | Tomb:1   | Noticed a royal mummy
 59800 | Tomb:1   | Noticed a royal mummy
 59803 | Tomb:1   | Killed a royal mummy
 59839 | Tomb:1   | Noticed a royal mummy
 59846 | Tomb:1   | Killed a royal mummy
 59852 | Tomb:1   | Noticed a royal mummy
 59858 | Tomb:1   | Noticed a royal mummy
 59860 | Tomb:1   | Noticed a royal mummy
 59862 | Tomb:1   | Noticed a royal mummy
 60108 | Tomb:1   | Noticed a royal mummy
 60115 | Tomb:1   | Killed a royal mummy
 60123 | Tomb:1   | Killed a royal mummy
 60133 | Tomb:1   | Killed a royal mummy
 60134 | Tomb:1   | Reached skill level 10 in Stealth
 60139 | Tomb:1   | Killed a royal mummy
 60139 | Tomb:1   | Noticed a royal mummy
 60148 | Tomb:1   | Killed a royal mummy
 60151 | Tomb:1   | Killed a royal mummy
 60158 | Tomb:1   | Killed a royal mummy
 60479 | Tomb:1   | Noticed a royal mummy
 60500 | Tomb:1   | Killed a royal mummy
 60500 | Tomb:1   | Received a gift from Okawaru
 60817 | Tomb:3   | Entered Level 3 of the Tomb of the Ancients
 60846 | Tomb:3   | Noticed a royal mummy
 60862 | Tomb:3   | Noticed a royal mummy
 60864 | Tomb:3   | Gained mutation: You are completely covered in thin
                  | metallic scales. (AC +4, rElec) [demonic ancestry]
 60864 | Tomb:3   | Reached XP level 27. HP: 115/224 MP: 38/38
 60864 | Tomb:3   | Killed a royal mummy
 60865 | Tomb:3   | Noticed a royal mummy
 60872 | Tomb:3   | Killed a royal mummy
 60873 | Tomb:3   | Noticed a royal mummy
 60882 | Tomb:3   | Killed a royal mummy
 60882 | Tomb:3   | Received a gift from Okawaru
 60892 | Tomb:3   | Killed a royal mummy
 60903 | Tomb:3   | Noticed a royal mummy
 60905 | Tomb:3   | Noticed a royal mummy
 60956 | Tomb:3   | Killed a royal mummy
 60964 | Tomb:3   | Killed a royal mummy
 61045 | Tomb:3   | Received a gift from Okawaru
 61156 | Tomb:3   | Identified the ring "Xehiosus" {Fire rPois Int+2}
 61271 | Tomb:3   | Reached skill level 15 in Throwing
 61407 | Tomb:3   | Identified the +4 chain mail of Ashenzari {*Corrode Will+
                  | Dex+2 Stlth+}
 61421 | Tomb:3   | Identified the scarf "Hysicon" {harm, MP+9}
 61447 | Tomb:3   | Got Waunwoew's Omnibus of the Blinking Ossuary
 61456 | Tomb:3   | Identified the +2 ring mail of Fegidue {rElec Dex+2}
 61544 | Tomb:3   | Noticed a royal mummy
 61549 | Tomb:3   | Noticed a royal mummy
 61558 | Tomb:3   | Killed a royal mummy
 61568 | Tomb:3   | Killed a royal mummy
 61571 | Tomb:3   | Noticed a royal mummy
 61577 | Tomb:3   | Killed a royal mummy
 61625 | Tomb:3   | Got a golden rune of Zot
 62167 | Zot:1    | Entered Level 1 of the Realm of Zot
 63558 | Zot:2    | Found the +4 dragonskin cloak {Aegis}
 63558 | Zot:2    | Noticed Tiamat
 63611 | Zot:2    | Killed Tiamat
 63722 | Zot:2    | Received a gift from Okawaru
 63870 | Zot:2    | Noticed Vv
 63895 | Zot:2    | Killed Vv
 64798 | Zot:3    | Found a transporter.
 65074 | Zot:3    | Found a transporter.
 65459 | Zot:3    | Noticed Parghit
 65491 | Zot:3    | Killed Parghit
 65491 | Zot:3    | Received a gift from Okawaru
 65652 | Zot:5    | Entered Level 5 of the Realm of Zot
 65782 | Hell     | Entered the Vestibule of Hell
 65782 | Hell     | Noticed Murray
 65782 | Hell     | Noticed Geryon
 66015 | Pan      | Entered Pandemonium
 66804 | Pan      | Noticed Wuimukhe the pandemonium lord
 66907 | Pan      | Killed Wuimukhe the pandemonium lord
 67792 | Pan      | Received a gift from Okawaru
 67822 | Pan      | Noticed Zang the pandemonium lord
 67865 | Pan      | Killed Zang the pandemonium lord
 68483 | Pan      | Entered the realm of Mnoleg.
 68497 | Pan      | Gained mutation: You are weak. (Str -2) [a cacodemon]
 68672 | Pan      | Gained mutation: You sometimes lose your temper in combat.
                  | [a cacodemon]
 68682 | Pan      | Lost mutation: You sometimes lose your temper in combat.
                  | [potion of mutation]
 68682 | Pan      | Lost mutation: You expend magic power (3 MP) to strengthen
                  | your wands. [potion of mutation]
 68682 | Pan      | Lost mutation: Your mind is acute. (Int +4, Str/Dex -1)
                  | [potion of mutation]
 68682 | Pan      | Lost mutation: You are weak. (Str -2) [potion of mutation]
 68682 | Pan      | Gained mutation: You are dopey. (Int -2) [potion of
                  | mutation]
 68682 | Pan      | Gained mutation: Your flesh is heat resistant. (rF+)
                  | [potion of mutation]
 68769 | Pan      | Gained mutation: You occasionally lose the ability to drink
                  | potions when taking damage. [a shining eye]
 68844 | Pan      | Gained mutation: You sometimes lose your temper in combat.
                  | [a cacodemon]
 68907 | Pan      | Lost mutation: You occasionally lose the ability to drink
                  | potions when taking damage. [potion of mutation]
 68907 | Pan      | Lost mutation: You sometimes lose your temper in combat.
                  | [potion of mutation]
 68907 | Pan      | Gained mutation: Your system is resistant to poisons.
                  | (rPois) [potion of mutation]
 68907 | Pan      | Gained mutation: You are very dopey. (Int -4) [potion of
                  | mutation]
 68965 | Pan      | Received a gift from Okawaru
 69098 | Pan      | Gained mutation: You occasionally shout uncontrollably at
                  | your foes. [a cacodemon]
 69116 | Pan      | Gained mutation: You are strong-willed. (Will+) [a neqoxec]
 69518 | Pan      | Gained mutation: You do not regenerate when monsters are
                  | visible. [a cacodemon]
 69529 | Pan      | Identified the +4 dagger of Prudence {flame, +Blink rC+
                  | Str-5 Int+3}
 69533 | Pan      | Noticed Mnoleg
 69563 | Pan      | Killed Mnoleg
 69598 | Pan      | Got a glowing rune of Zot
 70027 | Pan      | Identified the +0 chain mail of the Armoured One {rF+ rN+++
                  | Will- Stlth-}
 70139 | Pan      | Gained mutation: You frequently scream uncontrollably at
                  | your foes. [a cacodemon]
 70144 | Pan      | Gained mutation: You are frail. (-10% HP) [a cacodemon]
 70147 | Pan      | Gained mutation: You are weak. (Str -2) [a cacodemon]
 70161 | Pan      | Lost mutation: You are very dopey. (Int -4) [potion of
                  | mutation]
 70161 | Pan      | Lost mutation: Your flesh is heat resistant. (rF+) [potion
                  | of mutation]
 70161 | Pan      | Lost mutation: Your system is resistant to poisons. (rPois)
                  | [potion of mutation]
 70162 | Pan      | Lost mutation: You do not regenerate when monsters are
                  | visible. [potion of mutation]
 70162 | Pan      | Lost mutation: You are weak. (Str -2) [potion of mutation]
 70199 | Pan      | Gained mutation: Your natural rate of healing is unusually
                  | fast. [a cacodemon]
 70555 | Pan      | Identified the +0 plate armour "Equoluem" {Regen+}
 70559 | Pan      | Received a gift from Okawaru
 70571 | Pan      | Noticed Lash the pandemonium lord
 70583 | Pan      | Killed Lash the pandemonium lord
 70795 | Pan      | Gained mutation: Your magical capacity is low. (-10% MP) [a
                  | neqoxec]
 70817 | Pan      | Gained mutation: You are very frail. (-20% HP) [a
                  | cacodemon]
 70818 | Pan      | Gained mutation: Potions are less effective at restoring
                  | your health. [a cacodemon]
 71167 | Depths:4 | Escaped Pandemonium
 71475 | Vaults:5 | Bought 2 potions of mutation for 352 gold pieces
 71701 | D:12     | Bought a potion of mutation for 144 gold pieces
 71701 | D:12     | Bought a potion of ambrosia for 144 gold pieces
 71701 | D:12     | Bought a potion of magic for 144 gold pieces
 71701 | D:12     | Bought a potion of berserk rage for 90 gold pieces
 71702 | D:12     | Lost mutation: Potions are less effective at restoring your
                  | health. [potion of mutation]
 71702 | D:12     | Lost mutation: You are very frail. (-20% HP) [potion of
                  | mutation]
 71702 | D:12     | Lost mutation: You are frail. (-10% HP) [potion of
                  | mutation]
 71703 | D:12     | Lost mutation: You frequently scream uncontrollably at your
                  | foes. [potion of mutation]
 71703 | D:12     | Lost mutation: You occasionally shout uncontrollably at
                  | your foes. [potion of mutation]
 71703 | D:12     | Lost mutation: You are strong-willed. (Will+) [potion of
                  | mutation]
 71703 | D:12     | Gained mutation: You are vulnerable to heat. (rF-) [potion
                  | of mutation]
 71704 | D:12     | Lost mutation: Your magical capacity is low. (-10% MP)
                  | [potion of mutation]
 71704 | D:12     | Lost mutation: You are agile. (Dex +4, Str/Int -1) [potion
                  | of mutation]
 71704 | D:12     | Lost mutation: Your natural rate of healing is unusually
                  | fast. [potion of mutation]
 71704 | D:12     | Lost mutation: You are dopey. (Int -2) [potion of mutation]
 71704 | D:12     | Gained mutation: You occasionally lose the ability to drink
                  | potions when taking damage. [potion of mutation]
 71705 | D:12     | Lost mutation: You occasionally lose the ability to drink
                  | potions when taking damage. [potion of mutation]
 71705 | D:12     | Lost mutation: You are vulnerable to heat. (rF-) [potion of
                  | mutation]
 71705 | D:12     | Gained mutation: You are robust. (+10% HP) [potion of
                  | mutation]
 71705 | D:12     | Gained mutation: You possess an exceptional clarity of
                  | mind. [potion of mutation]
 71705 | D:12     | Lost mutation: You possess an exceptional clarity of mind.
                  | [potion of mutation]
 71705 | D:12     | Gained mutation: You have sharp toenails. [potion of
                  | mutation]
 72306 | Slime:1  | Paralysed by a formless jellyfish for 1 turns
 72695 | Slime:3  | Gained mutation: Your health recovers twice as slowly from
                  | being drained. [a shining eye]
 73265 | Slime:4  | Received a gift from Okawaru
 73766 | Slime:5  | Entered Level 5 of the Pits of Slime
 73942 | Slime:5  | Noticed the Royal Jelly
 73958 | Slime:5  | Killed the Royal Jelly
 74000 | Slime:5  | Identified the +8 falchion "Duor" {speed, Will- Int+3
                  | Dex+2}
 74008 | Slime:5  | Got a slimy rune of Zot
 74073 | Slime:5  | Identified the ring "Bast" {rElec rN+ Str+3}
 74139 | Slime:5  | Found the +2 pair of slick slippers {slick, slippery, EV+4}
 74145 | Slime:5  | Identified the +10 battleaxe of Hubris {heavy, rN+}
 74164 | Slime:5  | Identified the +0 leather armour "Cuthroaqi" {Int+3 Dex+2}
 74169 | Slime:5  | Identified the +6 short sword of Agony {flame, MP+9 Stlth+}
 74257 | Slime:5  | Identified the +6 quarterstaff of the Protecting Pariah
                  | {flame, rF+ Int+4}
 74263 | Slime:5  | Identified the staff of Evisceration {rC- Int+6 SInv Stlth+
                  | Conj}
 74950 | Hell     | Killed Murray
 74984 | Hell     | Killed Geryon
 74985 | Hell     | Reached skill level 15 in Evocations
 74986 | Hell     | Found a gateway to the ashen valley of Gehenna.
 75006 | Hell     | Received a gift from Okawaru
 75072 | Hell     | Reached skill level 15 in Dodging
 75441 | Hell     | Upgraded the game from 0.32-a0-975-g85d4e5bfdb to
                  | 0.32-a0-981-g384da2ce10
 75524 | Hell     | Received a gift from Okawaru
 75547 | Hell     | Found a gateway to the decaying netherworld of Tartarus.
 75585 | Hell     | Found a gateway to the freezing wastes of Cocytus.
 75664 | Hell     | Found a gateway to the Iron City of Dis.
 75897 | Coc:1    | Entered Level 1 of Cocytus
 76089 | Coc:2    | Noticed an ancient lich
 76107 | Coc:2    | Killed an ancient lich
 76414 | Geh:1    | Entered Level 1 of Gehenna
 76892 | Geh:2    | Received a gift from Okawaru
 77476 | Geh:4    | You fall into a shaft and drop 1 floor!
 77772 | Geh:6    | Received a gift from Okawaru
 77851 | Geh:7    | Entered Level 7 of Gehenna
 77851 | Geh:7    | Noticed a dread lich
 77858 | Geh:7    | Killed a dread lich
 78703 | Geh:7    | Received a gift from Okawaru
 79053 | Geh:7    | Found the +13 sceptre of Asmodeus
 79053 | Geh:7    | Noticed Asmodeus
 79101 | Geh:7    | Killed Asmodeus
 79178 | Geh:7    | Got an obsidian rune of Zot
 79654 | Depths:1 | Voluntarily entered the Abyss.
 79860 | Abyss:4  | Found a sacrificial altar of Ru.
 79863 | Abyss:4  | Found a hide-covered altar of Uskayaw.
 79863 | Abyss:4  | Found a hazy altar of Hepliaklqana.
 79863 | Abyss:4  | Found a snail-covered altar of Cheibriados.
 79863 | Abyss:4  | Found a shimmering blue altar of Sif Muna.
 79872 | Abyss:4  | Received a gift from Okawaru
 79874 | Abyss:4  | Found an ancient bone altar of Kikubaaqudgha.
 79874 | Abyss:4  | Found a broken altar of Ashenzari.
 79874 | Abyss:4  | Found a basalt altar of Yredelemnul.
 79874 | Abyss:4  | Found a stormy altar of Qazlal.
 79875 | Abyss:4  | Found a shimmering altar of Xom.
 79875 | Abyss:4  | Found a radiant altar of Vehumet.
 79883 | Abyss:4  | Found a blossoming altar of Fedhas.
 79883 | Abyss:4  | Found a sparkling altar of Nemelex Xobeh.
 79885 | Abyss:4  | Found a bloodstained altar of Trog.
 79885 | Abyss:4  | Found an opulent altar of Gozag.
 79885 | Abyss:4  | Found a shadowy altar of Dithmenos.
 79885 | Abyss:4  | Found an iron altar of Okawaru.
 79897 | Abyss:4  | Found an ornate altar of the Wu Jian Council.
 79897 | Abyss:4  | Found a burning altar of Makhleb.
 79900 | Abyss:4  | Found a bloodstained altar of Trog.
 79900 | Abyss:4  | Found a shimmering altar of Xom.
 79900 | Abyss:4  | Found a blossoming altar of Fedhas.
 79900 | Abyss:4  | Found an ornate altar of the Wu Jian Council.
 79900 | Abyss:4  | Found a basalt altar of Yredelemnul.
 79900 | Abyss:4  | Found a hazy altar of Hepliaklqana.
 79900 | Abyss:4  | Found an opulent altar of Gozag.
 79900 | Abyss:4  | Found a shadowy altar of Dithmenos.
 79900 | Abyss:4  | Found a radiant altar of Vehumet.
 79900 | Abyss:4  | Found a stormy altar of Qazlal.
 79900 | Abyss:4  | Found a snail-covered altar of Cheibriados.
 79900 | Abyss:4  | Found a sparkling altar of Nemelex Xobeh.
 79900 | Abyss:4  | Found a burning altar of Makhleb.
 79900 | Abyss:4  | Found a shimmering blue altar of Sif Muna.
 79900 | Abyss:4  | Found an iron altar of Okawaru.
 79900 | Abyss:4  | Found a sacrificial altar of Ru.
 79900 | Abyss:4  | Found a bloodstained altar of Trog.
 79900 | Abyss:4  | Found a shimmering altar of Xom.
 79900 | Abyss:4  | Found a blossoming altar of Fedhas.
 79900 | Abyss:4  | Found an ornate altar of the Wu Jian Council.
 79900 | Abyss:4  | Found a basalt altar of Yredelemnul.
 79900 | Abyss:4  | Found a hazy altar of Hepliaklqana.
 79900 | Abyss:4  | Found an opulent altar of Gozag.
 79900 | Abyss:4  | Found a shadowy altar of Dithmenos.
 79900 | Abyss:4  | Found a radiant altar of Vehumet.
 79900 | Abyss:4  | Found a stormy altar of Qazlal.
 79900 | Abyss:4  | Found a snail-covered altar of Cheibriados.
 79900 | Abyss:4  | Found a sparkling altar of Nemelex Xobeh.
 79900 | Abyss:4  | Found a burning altar of Makhleb.
 79900 | Abyss:4  | Found a shimmering blue altar of Sif Muna.
 79900 | Abyss:4  | Found an iron altar of Okawaru.
 79900 | Abyss:4  | Found a sacrificial altar of Ru.
 79901 | Abyss:4  | Found a broken altar of Ashenzari.
 79901 | Abyss:4  | Found a hide-covered altar of Uskayaw.
 79939 | Abyss:4  | Noticed an ancient lich
 79948 | Abyss:4  | Killed an ancient lich
 80460 | Abyss:5  | Found a basalt altar of Yredelemnul.
 80534 | Abyss:5  | Received a gift from Okawaru
 80563 | Abyss:5  | Found a corrupted altar of Lugonu.
 80598 | Depths:1 | Escaped the Abyss
 80841 | Depths:1 | Voluntarily entered the Abyss.
 80967 | Abyss:5  | Noticed a juggernaut
 80974 | Abyss:5  | Killed a juggernaut
 81001 | Abyss:5  | Received a gift from Okawaru
 81018 | Abyss:5  | Got an abyssal rune of Zot
 81039 | Abyss:5  | Gained mutation: Your body sometimes deteriorates upon
                  | taking damage. [a neqoxec]
 81055 | Depths:1 | Escaped the Abyss
 81099 | Pan      | Entered Pandemonium
 81582 | Pan      | Identified the +1 ice dragon scales "Nyecorr" {-Cast rF-
                  | rC++ Will+ Dex+6}
 81588 | Pan      | Noticed Cutili the pandemonium lord
 81605 | Pan      | Killed Cutili the pandemonium lord
 81944 | Pan      | Received a gift from Okawaru
 82130 | Pan      | Entered the realm of Gloorx Vloq.
 82249 | Pan      | Noticed Gloorx Vloq
 82268 | Pan      | Killed Gloorx Vloq
 82272 | Pan      | Received a gift from Okawaru
 82303 | Pan      | Got a dark rune of Zot
 82662 | Pan      | Entered the realm of Cerebov.
 83203 | Pan      | Identified the +9 morningstar of the Curious Ghosts
                  | {distort, ^Fragile Str+5}
 83203 | Pan      | Identified the ring "Gipouqil" {rPois rF- EV+5 Int+6 Dex-5}
 83307 | Pan      | Found the +6 sword of Cerebov {flame}
 83307 | Pan      | Noticed Cerebov
 83356 | Pan      | Killed Cerebov
 83356 | Pan      | Received a gift from Okawaru
 83361 | Pan      | Identified the +10 rapier of the First Seas {drain, *Slow
                  | +Blink rElec SInv}
 83705 | Pan      | Identified the +1 great mace of Ligoteyrgh {venom, rF+
                  | Str+3}
 83733 | Pan      | Got a fiery rune of Zot
 84266 | Pan      | Identified the +0 tower shield "Guced" {rPois Str+4 SInv}
 84333 | Pan      | Identified the +11 dagger "Imanile" {speed, *Slow rC++
                  | rN+++ Will+}
 84333 | Pan      | Identified the +7 chain mail of Responsibility {rCorr
                  | Dex+2}
 84370 | Pan      | Noticed a seraph
 84374 | Pan      | Killed a seraph
 84376 | Pan      | Received a gift from Okawaru
 84611 | Pan      | Got a demonic rune of Zot
 84854 | Pan      | Reached skill level 27 in Invocations
 85739 | Pan      | Entered the realm of Lom Lobon.
 85907 | Pan      | Received a gift from Okawaru
 86054 | Pan      | Noticed Lom Lobon
 86106 | Pan      | Got a magical rune of Zot
 86130 | Pan      | Killed Lom Lobon
 86427 | Pan      | Upgraded the game from 0.32-a0-981-g384da2ce10 to
                  | 0.32-a0-986-ga09f62fbf4
 87231 | Pan      | Gained mutation: Your spells are a little easier to cast,
                  | but a little less powerful. [a neqoxec]
 87237 | Pan      | Received a gift from Okawaru
 87247 | Pan      | Noticed Ifybly the pandemonium lord
 87256 | Pan      | Killed Ifybly the pandemonium lord
 87307 | Pan      | Gained mutation: Your spells are easier to cast, but less
                  | powerful. [a cacodemon]
 87544 | Pan      | Noticed Cumy the pandemonium lord
 87588 | Pan      | Killed Cumy the pandemonium lord
 88179 | Pan      | Lost mutation: Your body sometimes deteriorates upon taking
                  | damage. [potion of mutation]
 88179 | Pan      | Lost mutation: Your spells are easier to cast, but less
                  | powerful. [potion of mutation]
 88179 | Pan      | Lost mutation: Your spells are a little easier to cast, but
                  | a little less powerful. [potion of mutation]
 88179 | Pan      | Gained mutation: Your natural rate of healing is unusually
                  | fast. [potion of mutation]
 88272 | Pan      | Gained mutation: You are occasionally teleported next to
                  | monsters. [a neqoxec]
 88275 | Pan      | Lost mutation: Your natural rate of healing is unusually
                  | fast. [potion of mutation]
 88275 | Pan      | Lost mutation: Your health recovers twice as slowly from
                  | being drained. [potion of mutation]
 88275 | Pan      | Gained mutation: Your magical capacity is low. (-10% MP)
                  | [potion of mutation]
 88275 | Pan      | Gained mutation: You are resistant to electric shocks.
                  | (rElec) [potion of mutation]
 88276 | Pan      | Lost mutation: You are robust. (+10% HP) [potion of
                  | mutation]
 88276 | Pan      | Lost mutation: You are resistant to electric shocks.
                  | (rElec) [potion of mutation]
 88276 | Pan      | Gained mutation: You have supernaturally acute eyesight.
                  | (SInv) [potion of mutation]
 88276 | Pan      | Gained mutation: You expend magic power (3 MP) to
                  | strengthen your wands. [potion of mutation]
 88276 | Pan      | Gained mutation: You occasionally lose the ability to drink
                  | potions when taking damage. [potion of mutation]
 88277 | Pan      | Lost mutation: You are occasionally teleported next to
                  | monsters. [potion of mutation]
 88277 | Pan      | Lost mutation: You have sharp toenails. [potion of
                  | mutation]
 88277 | Pan      | Lost mutation: Your magical capacity is low. (-10% MP)
                  | [potion of mutation]
 88277 | Pan      | Gained mutation: You sometimes lose your temper in combat.
                  | [potion of mutation]
 88277 | Pan      | Gained mutation: Your natural rate of healing is unusually
                  | fast. [potion of mutation]
 88278 | Pan      | Lost mutation: You sometimes lose your temper in combat.
                  | [potion of mutation]
 88278 | Pan      | Lost mutation: Your natural rate of healing is unusually
                  | fast. [potion of mutation]
 88278 | Pan      | Lost mutation: You occasionally lose the ability to drink
                  | potions when taking damage. [potion of mutation]
 88278 | Pan      | Gained mutation: You are dopey. (Int -2) [potion of
                  | mutation]
 88278 | Pan      | Gained mutation: You have a somewhat thin skeletal
                  | structure. (Dex +2, Stealth+) [potion of mutation]
 88468 | Pan      | Gained mutation: Armour fits poorly on your strangely
                  | shaped body. [a neqoxec]
 88857 | Pan      | Found an exit through the horrors of the Abyss.
 88917 | Pan      | Received a gift from Okawaru
 89326 | Pan      | Took an exit into the Abyss.
 89326 | Abyss:5  | Escaped into the Abyss
 89326 | Abyss:5  | Found a corrupted altar of Lugonu.
 89340 | Depths:2 | Escaped the Abyss
 89480 | Vaults:1 | Bought a scroll of blinking for 120 gold pieces
 89480 | Vaults:1 | Bought a scroll of fear for 64 gold pieces
 89715 | Elf:2    | Bought a scroll of blinking for 277 gold pieces
 89715 | Elf:2    | Bought a scroll of poison for 148 gold pieces
 89948 | D:1      | Bought a potion of cancellation for 104 gold pieces
 89948 | D:1      | Bought a potion of curing for 39 gold pieces
 89948 | D:1      | Bought a potion of curing for 39 gold pieces
 89948 | D:1      | Bought a potion of curing for 39 gold pieces
 89948 | D:1      | Bought a potion of curing for 39 gold pieces
 89948 | D:1      | Bought a potion of might for 52 gold pieces
 90265 | Tar:1    | Entered Level 1 of Tartarus
 90752 | Tar:2    | Received a gift from Okawaru
 90973 | Tar:3    | Noticed a dread lich
 90988 | Tar:3    | Killed a dread lich
 91329 | Tar:4    | You fall into a shaft and drop 2 floors!
 91763 | Tar:7    | Entered Level 7 of Tartarus
 91813 | Tar:7    | Received a gift from Okawaru
 93903 | Tar:7    | Identified the +2 dagger of the Dead {elec, rPois rF- rN++
                  | Str-5}
 93916 | Tar:7    | Received a gift from Okawaru
 94516 | Tar:7    | Noticed Ereshkigal
 94532 | Tar:7    | Paralysed by Ereshkigal for 3 turns
 94554 | Tar:7    | Killed Ereshkigal
 94737 | Tar:7    | Got a bone rune of Zot
 96368 | Coc:3    | Paralysed by a wendigo for 1 turns
 96753 | Coc:4    | Received a gift from Okawaru
 96777 | Coc:4    | Paralysed by a wendigo for 1 turns
 97466 | Coc:6    | Noticed an ancient lich
 97476 | Coc:6    | Killed an ancient lich
 97751 | Coc:6    | Noticed an ancient lich
 97751 | Coc:6    | Noticed an ancient lich
 97751 | Coc:6    | Noticed an ancient lich
 97751 | Coc:6    | Noticed an ancient lich
 97752 | Coc:6    | Noticed an ancient lich
 97763 | Coc:6    | Killed an ancient lich
 97766 | Coc:6    | Noticed an ancient lich
 97767 | Coc:6    | Noticed an ancient lich
 97772 | Coc:6    | Killed an ancient lich
 97779 | Coc:6    | Killed an ancient lich
 97781 | Coc:6    | Killed an ancient lich
 97781 | Coc:6    | Received a gift from Okawaru
 97784 | Coc:6    | Killed an ancient lich
 97789 | Coc:6    | Killed an ancient lich
 97798 | Coc:6    | Killed an ancient lich
 97834 | Coc:7    | Entered Level 7 of Cocytus
 98485 | Coc:7    | Paralysed by a wendigo for 1 turns
 98550 | Coc:7    | Noticed the Serpent of Hell
 98820 | Coc:7    | Received a gift from Okawaru
 99156 | Coc:7    | Noticed an ancient lich
 99190 | Coc:7    | Killed an ancient lich
 99931 | Coc:7    | Paralysed by a wendigo for 1 turns
 99937 | Coc:7    | Paralysed by a wendigo for 1 turns
 99966 | Coc:7    | Received a gift from Okawaru
100162 | Coc:7    | Killed the Serpent of Hell
100203 | Coc:7    | Paralysed by a wendigo for 1 turns
100327 | Coc:7    | Noticed Antaeus
100381 | Coc:7    | Killed Antaeus
100403 | Coc:7    | Identified the +1 robe of the Lost Path {Dex+4}
100433 | Coc:7    | Got an icy rune of Zot
100435 | Coc:7    | Got Riavemah's Precepts of Cloudy Cadavers
100718 | Coc:7    | Acquired a manual of Spellcasting
100720 | Coc:7    | Acquired the +2 tower shield of Dim Light {Harm rElec}
101447 | Dis:1    | Entered Level 1 of the Iron City of Dis
101463 | Dis:1    | Received a gift from Okawaru
102036 | Dis:3    | Noticed a dread lich
102039 | Dis:3    | Noticed a dread lich
102054 | Dis:3    | Killed a dread lich
102124 | Dis:3    | Killed a dread lich
102124 | Dis:3    | Received a gift from Okawaru
103414 | Dis:7    | Entered Level 7 of the Iron City of Dis
103527 | Dis:7    | Received a gift from Okawaru
104479 | Dis:7    | Reached skill level 27 in Fighting
104503 | Dis:7    | Received a gift from Okawaru
104654 | Dis:7    | Reached skill level 27 in Armour
105078 | Dis:7    | Identified the ring of Qeshroti {rF+ rC++}
105080 | Dis:7    | Identified the +1 cloak of Springtime {Dex+4}
105081 | Dis:7    | Identified the +0 chain mail of the Shore {rF+ Int+3
                  | Stlth+}
105099 | Dis:7    | Identified the ring "Veefo" {Wiz rPois rF++}
105139 | Dis:7    | Identified the +3 dagger "Welig" {freeze, Str+4}
105140 | Dis:7    | Identified the dragon-blood talisman of the Blizzard {rElec
                  | rF+++ Will- Str+3}
105285 | Dis:7    | Noticed Dispater
105360 | Dis:7    | Identified the +6 quarterstaff "Fel Gamp" {venom, rPois rC+
                  | Stlth+}
105836 | Dis:7    | Killed Dispater
106175 | Dis:7    | Got an iron rune of Zot
106179 | Dis:7    | Identified the +1 ring mail of the Untouchables {-Tele
                  | rCorr Int+5}
107489 | Zot:4    | Received a gift from Okawaru
107566 | Zot:4    | Acquired a manual of Stealth
108159 | Zot:5    | Noticed a dread lich
108169 | Zot:5    | Noticed a dread lich
108180 | Zot:5    | Killed a dread lich
108186 | Zot:5    | Killed a dread lich
108186 | Zot:5    | Received a gift from Okawaru
108268 | Zot:5    | Noticed an orb of fire
108277 | Zot:5    | Gained mutation: You are strong-willed. (Will+) [an orb of
                  | fire]
108286 | Zot:5    | Killed an orb of fire
108357 | Zot:5    | Noticed an orb of fire
108359 | Zot:5    | Gained mutation: You occasionally lose the ability to drink
                  | potions when taking damage. [an orb of fire]
108363 | Zot:5    | Gained mutation: You sometimes lose your temper in combat.
                  | [an orb of fire]
108365 | Zot:5    | Gained mutation: You are vulnerable to cold. (rC-) [an orb
                  | of fire]
108380 | Zot:5    | Killed an orb of fire
108778 | Zot:5    | Lost mutation: You have supernaturally acute eyesight.
                  | (SInv) [potion of mutation]
108778 | Zot:5    | Lost mutation: You have a somewhat thin skeletal structure.
                  | (Dex +2, Stealth+) [potion of mutation]
108778 | Zot:5    | Lost mutation: You are vulnerable to cold. (rC-) [potion of
                  | mutation]
108778 | Zot:5    | Gained mutation: Your flesh is heat resistant. (rF+)
                  | [potion of mutation]
108781 | Zot:5    | Noticed an orb of fire
108790 | Zot:5    | Noticed a dread lich
108799 | Zot:5    | Killed an orb of fire
108799 | Zot:5    | Received a gift from Okawaru
108805 | Zot:5    | Killed a dread lich
108812 | Zot:5    | Noticed a dread lich
108823 | Zot:5    | Killed a dread lich
108904 | Zot:5    | Got the Orb of Zot
109455 | D:$      | Escaped with the Orb!

Illustrated notes

Levels and vault maps discovered:
D:1:      lightli_arrival_lavapool, layout_loops_corners, serial_shops,
          nicolae_shop_hallway_plus, serial_park_tiny_pond, minmay_tetromino_l4
D:2:      layout_rooms, basic_altar, uniq_terence
D:3:      layout_loops_corners, lemuel_crystal_altar, tso_altar,
          ebering_ecumenical_altar_petrified, uniq_crazy_yiuf_cottage
D:4:      layout_basic, grunt_temple_overflow_opulence, jmf_multi_god_temple2,
          minmay_temple_entry_butterflies
D:5:      layout_basic, nicolae_qazlal_style_of_elements,
          nicolae_overflow_crystal_walls, grunt_decor_mini_mirrors
D:6:      layout_basic, grunt_temple_overflow_growth_and_decay, led_sif_book,
          mainiacjoe_overflow_boulevard, nicolae_uskayaw_en_pointe,
          minmay_door_square
D:7:      layout_basic, nicolae_twisty_statue_hallways
D:8:      layout_rooms, old_standard_altar, chequers_big_river
D:9:      minmay_inner_zag, layout_stronghold, minmay_lair_entry_grove,
          orc_david_3, minmay_lizard_king, uniq_maggie
D:10:     layout_layer_cave
D:11:     minmay_complete_graph, layout_loops_ring, serial_shops, shop,
          nrook_guardian_serpent_double, uniq_erica
D:12:     layout_long_grid, serial_shops, shop, minmay_joined_circles,
          uniq_josephine
D:13:     layout_stronghold, hellmonk_vaults_keyhole,
          ebering_ghost_reflecting_pool
D:14:     minmay_ornate_pinched, layout_cross, nicolae_hexahallways
D:15:     gammafunk_enter_depths_forms, layout_loops_cross,
          nzn_wu_jian_council_hall
Temple:   corrupted_temple
Lair:1:   beast_lair_carwin_large_4, layout_gridlike, enter_volcano_1,
          gauntlet_entry_generic, lemuel_fruit_tree
Lair:2:   layout_cave_pods, nicolae_snake_entry_warm_welcome
Lair:3:   layout_long_grid, swamp_mist, serial_bayou_lagoon_b,
          infiniplex_staircase_pool_2, serial_bayou_shore_b
Lair:4:   layout_gridlike, minivault_11, kennysheep_rathole
Lair:5:   evil_forest, layout_hall_layers, slime_entry_1, uniq_rupert
Swamp:1:  layout_basic_swamp, nicolae_swamp_decorative_isthmus, uniq_frances
Swamp:2:  layout_falls_marsh, evilmike_swamp_ruin_rubble_2, uniq_donald
Swamp:3:  layout_basic_swamp, nicolae_swamp_feature_on_the_river_bank,
          swamp_pool_3, nicolae_swamp_bunyip_nook
Swamp:4:  swamp, layout_basic_swamp, infiniplex_staircase_pool
Snake:1:  nicolae_snake_hallway, layout_gridlike,
          serial_library_hellmonk_secret_room, hangedman_snake_thin_pillar_pass,
          uniq_azrael
Snake:2:  onia_ninara_swampy_vault, layout_misc_corridors,
          nicolae_snake_lava_pool, uniq_vashnia
Snake:3:  layout_chambers, portal_ice_cave_entry_pillars_2, serial_shops, shop,
          uniq_bai_suzhen, uniq_asterion, uniq_louise
Snake:4:  snake_pit_salamanders_mu, layout_layer_cave, serial_bayou_shore_b
Slime:1:  layout_caves
Slime:2:  layout_caves
Slime:3:  layout_caves, cheibrodos_slime_lost_civilization_7
Slime:4:  layout_caves
Slime:5:  slime_pit_nicolae_inversion
Orc:1:    layout_caves
Orc:2:    st_orc_open, layout_caves, serial_shops, nicolae_shop_real_fake_doors,
          uniq_jorgrun
Elf:1:    kennysheep_blocky_hall, layout_gridlike,
          nicolae_elf_shapeshifter_party
Elf:2:    nicolae_elf_blades_crystal_corner, layout_rooms, serial_shops, shop,
          grunt_ministairs_6
Elf:3:    minmay_elf_hall_circle, layout_geoelf_octagon, amethyst_killhole
Vaults:1: regret_index_early_branch_jog, dpeg_vaults_monster_row,
          hangedman_vaults_stitches, nicolae_vaults_network_s,
          lemuel_angel_altar, nicolae_vaults_trapezoid_3,
          hangedman_vaults_capsules, layout_vaults_omnicross, serial_shops, shop
Vaults:2: minmay_crypt_entry_necro_gods, ontoclasm_vaults_misaligned,
          hangedman_vaults_nails, ontoclasm_vaults_shuriken, v_alt_pattern_2,
          vaults_room_guarded_vault, nicolae_vaults_alarming,
          nicolae_vaults_border_crossing, layout_vaults_quadrants,
          enter_trove_0, serial_shops, nicolae_shop_tiny_waterfront
Vaults:3: nicolae_vaults_asterisk, nicolae_vaults_two_Ls, vaults_room_door_ring,
          nicolae_vaults_weapon_check, nicolae_vaults_asterisk,
          ontoclasm_vaults_ring_large, v_misc_24,
          nicolae_vaults_taking_the_gang_shopping,
          nicolae_vaults_closet_pinwheel_4, v_misc_19, vaults_room_corners,
          vaults_mumra_lcd, ontoclasm_vaults_idyll, nicolae_vaults_trapezoid_4,
          hangedman_vaults_nodes, nicolae_vaults_heart-shaped_vault,
          vaults_dpeg_encased_lava, layout_vaults_maze_bifur, serial_shops,
          nicolae_shop_overgrown_old_shop
Vaults:4: vaults_room_fours, v_misc_25, v_pattern_3, v_misc_28,
          nicolae_vaults_little_squares_3, nicolae_vaults_yaktaur_gun_rack,
          vaults_mumra_chevron, v_misc_13, layout_vaults_big_room, serial_shops,
          nicolae_shop_getting_attention
Vaults:5
Crypt:1:  layout_regular_city, uniq_khufu
Crypt:2:  layout_rooms, door_vault
Crypt:3:  evilmike_haunted_forest
Tomb:1
Tomb:2
Tomb:3
Depths:1: layout_basic, enter_ziggurat_c, abyss_entry, mu_enter_wizlab_7,
          serial_shops, shop_statue, nicolae_shop_tiny_statue_garden,
          hell_entry, minmay_misc_feat_tower, zin_treasury
Depths:2: minmay_octo_star, layout_gridlike, grunt_hell_entry_dis_mu,
          kennysheep_crisscross, rand_demon_pan_entry_8, serial_shops, shop
Depths:3: minmay_the_grid_triangle_9x9_recursive_2
          [minmay_the_grid_triangle_9x9_prize_special,
          minmay_the_grid_triangle_9x9_dagger,
          minmay_the_grid_triangle_9x9_fully_insulated_deathbox,
          minmay_the_grid_triangle_9x9_steps], layout_gridlike,
          nicolae_ru_the_path_less_chosen, hell_entry,
          nicolae_abyss_entry_one_way_or_another, pan_entry,
          nrook_mini_backslash, infiniplex_staircase_zigzag_5, uniq_mara
Depths:4: grunt_zot_entry_bicorn, layout_long_grid, minmay_misc_feat_plants,
          rand_demon_pan_entry_5, hell_entry, abyss_entry,
          nicolae_nh_oracle_at_delphi, kennysheep_random_hallway,
          uniq_enchantress
Hell
Dis:1:    layout_gridville
Dis:2:    layout_jigsaw
Dis:3:    layout_gridville, nicolae_dis_spooky_hallway
Dis:4:    layout_subdivisions
Dis:5:    layout_gridville
Dis:6:    layout_subdivisions
Dis:7:    iron_city_of_dis [dis_mu, dis_wall_6], layout_gridville,
          amcnicky_altar_lugonu_corruption
Geh:1:    layout_gehenna_pools_triple
Geh:2:    layout_gehenna_lava_caves
Geh:3:    layout_gehenna_lava_caves
Geh:4:    layout_gehenna_lava_caves, gehenna_fire_generator
Geh:5:    layout_gehenna_pools_basic
Geh:6:    layout_gehenna_pools_triple, nicolae_hells_seeping_fissure
Geh:7:    geh_hangedman
Coc:1:    layout_cocytus_delve
Coc:2:    layout_cocytus_delve
Coc:3:    layout_cocytus_water_paths
Coc:4:    nicolae_hells_demon_pit, layout_ice_bergs
Coc:5:    layout_cocytus_delve
Coc:6:    layout_cocytus_delve, nicolae_hells_leichenhalle
Coc:7:    coc_grunt_cove [coc_grunt_cove_antaeus, coc_grunt_cove_fiend,
          coc_grunt_cove_fiend, coc_grunt_cove_fiend, coc_grunt_cove_fiend]
Tar:1:    layout_grid_maze
Tar:2:    layout_cathedral_of_symmetry
Tar:3:    layout_grid_maze
Tar:4:    layout_cathedral_of_symmetry
Tar:6:    layout_cathedral_of_symmetry
Tar:7:    tar_mu [tar_mu_maze]
Zot:1:    layout_basic, regret_index_zotdec_gossamer_gf, lemuel_baited_zot_trap,
          bh_zot_lava_cross
Zot:2:    layout_onion, grunt_megastairs_3, uniq_vv, uniq_tiamat
Zot:3:    layout_gridlike, regret_index_zotdec_split_disrupt,
          nicolae_diode_stairs, grunt_megastairs_4, uniq_parghit
Zot:4:    gammafunk_mikee_crab_dinner, layout_onion, regret_index_zotdec_plus,
          lemuel_elevator
Zot:5:    layout_gridlike, grunt_megastairs_2

Skill      XL: |  1  2  3  4  5  6  7  8  9 10 11 12 13 14 15 16 17 18 19 20 21 22 23 24 25 26 27 |
---------------+----------------------------------------------------------------------------------+-----
Polearms       | 3 4 5 6 8 9 10 12 14 16 17 19 25 | 25.4
Stealth        | 1 2 6 7 10 13 | 13.4
Throwing       | 2 3 4 5 6 7 9 10 11 12 13 14 20 | 20.0
Fighting       | 3 4 5 7 9 10 11 12 14 15 16 17 18 19 20 27 | 27.0
Invocations    | 2 5 7 11 15 16 18 19 22 27 | 27.0
Armour         | 1 2 4 6 11 13 15 16 17 18 19 20 21 22 27 | 27.0
Shields        | 1 3 6 9 11 12 13 15 24 | 24.6
Evocations     | 5 6 9 10 12 13 19 | 19.7
Dodging        | 3 6 8 9 12 17 | 17.5
Spellcasting   | 3 7 8 |  8.0
Translocations | 3 7 8 |  8.0

Action                     |  1- 3 |  4- 6 |  7- 9 | 10-12 | 13-15 | 16-18 | 19-21 | 22-24 | 25-27 || total
---------------------------+-------+-------+-------+-------+-------+-------+-------+-------+-------++-------
  Melee: Trident           |    74 |   118 |   377 |   370 |       |       |       |       |       ||   939
         Headbutt          |     9 |    25 |    66 |   132 |   244 |   277 |   377 |   553 |  2906 ||  4589
         Demon trident     |       |       |       |   239 |  1024 |  1354 |  1459 |  1873 |  8873 || 14822
  Throw: Javelin           |     1 |     7 |     6 |    29 |    25 |    37 |   126 |    36 |   442 ||   709
         Throwing net      |     1 |     2 |     1 |       |     3 |     1 |       |       |       ||     8
         Boomerang         |       |     7 |    81 |    37 |   205 |   316 |   174 |    44 |   834 ||  1698
         Dart              |       |       |       |    16 |     2 |     8 |     1 |       |    45 ||    72
   Cast: Blink             |       |       |       |       |       |       |       |     1 |    11 ||    12
         Apportation       |       |       |       |       |       |       |       |       |     2 ||     2
 Invoke: Heroism           |       |       |     1 |     6 |     8 |    14 |    11 |    13 |    51 ||   104
         Receive Weapon    |       |       |       |     1 |       |       |       |       |       ||     1
         Receive Armour    |       |       |       |     1 |       |       |       |       |       ||     1
         Finesse           |       |       |       |       |     1 |     3 |     4 |     3 |    17 ||    28
         Duel              |       |       |       |       |       |     1 |       |       |       ||     1
Ability: Hurl Damnation    |       |       |       |       |       |       |       |       |    19 ||    19
  Evoke: Wand              |       |       |     1 |     9 |     3 |     6 |     8 |     1 |    70 ||    98
         Condenser vane    |       |       |       |       |       |       |       |       |    10 ||    10
         Lightning rod     |       |       |       |       |       |       |       |       |     2 ||     2
         Phial of floods   |       |       |       |       |       |       |       |       |     3 ||     3
    Use: Scroll            |     2 |     3 |     7 |     3 |     9 |    13 |     7 |     6 |    32 ||    82
         Potion            |       |     2 |     3 |       |     7 |     6 |     7 |     7 |    74 ||   106
   Stab: Sleeping          |     8 |     1 |     3 |       |       |       |       |       |       ||    12
         Held in net/web   |     2 |     1 |       |       |     3 |     1 |       |       |       ||     7
         Distracted        |     1 |       |       |       |     2 |     1 |       |       |    15 ||    19
         Invisible         |       |       |       |     4 |       |       |       |       |     6 ||    10
         Petrified         |       |       |       |       |     1 |       |       |       |       ||     1
 Armour: Leather armour    |    25 |       |       |       |       |       |       |       |       ||    25
         Scale mail        |       |    87 |   239 |   115 |       |       |       |       |       ||   441
         Crystal plate arm |       |       |       |   177 |   586 |   808 |   500 |   570 |   610 ||  3251
         Gold dragon scale |       |       |       |       |       |       |       |       |  2055 ||  2055
  Dodge: Dodged            |    27 |    59 |   130 |   138 |   202 |   309 |   241 |   437 |  2962 ||  4505
  Block: Other             |       |     4 |     2 |       |       |       |       |       |       ||     6
         Reflection        |       |     1 |     1 |     9 |       |       |     9 |    90 |    16 ||   126
         Buckler           |       |       |   266 |   265 |   213 |       |       |       |       ||   744
         Kite shield       |       |       |       |       |    86 |   705 |   650 |  1350 |  6471 ||  9262

Table legend: (Time is in decaauts)
 A = Elapsed time spent in this place.
 B = Non-inter-level travel time spent in this place.
 C = Inter-level travel time spent in this place.
 D = Time resting spent in this place.
 E = Time spent auto-exploring this place.
 F = Levels seen in this place.
 G = Mean time per level.
                   A        B        C        D        E       F      G
               +--------+--------+--------+--------+--------+-----+--------+
         Total | 103833 |  94098 |   9735 |  20775 |  37069 | 112 |  927.1 |
       Dungeon |  17893 |  14818 |   3075 |   1610 |   8745 |  15 | 1192.9 |
        Temple |      1 |      1 |      0 |      0 |      0 |   1 |    1.0 |
          Lair |   6168 |   5089 |   1079 |    349 |   3402 |   5 | 1233.6 |
         Swamp |   3329 |   3163 |    166 |    664 |   1728 |   4 |  832.2 |
     Snake Pit |   6533 |   6251 |    282 |   1875 |   2707 |   4 | 1633.2 |
    Slime Pits |   2619 |   2402 |    217 |    116 |   1502 |   5 |  523.8 |
  Orcish Mines |   2817 |   2309 |    508 |    798 |    632 |   2 | 1408.5 |
   Elven Halls |   3194 |   2963 |    231 |    257 |   1190 |   3 | 1064.7 |
        Vaults |   8160 |   7003 |   1157 |   1220 |   3529 |   5 | 1632.0 |
         Crypt |   3100 |   2840 |    260 |    207 |   1655 |   3 | 1033.3 |
          Tomb |   3117 |   2804 |    313 |    722 |    122 |   3 | 1039.0 |
        Depths |   5503 |   4934 |    569 |    645 |   2317 |   4 | 1375.8 |
          Hell |   1609 |   1465 |    144 |    660 |    193 |   1 | 1609.0 |
           Dis |   4263 |   4192 |     71 |   2325 |    112 |   7 |  609.0 |
       Gehenna |   2944 |   2747 |    197 |    854 |    510 |   7 |  420.6 |
       Cocytus |   4959 |   4507 |    452 |   1617 |    993 |   7 |  708.4 |
      Tartarus |   5677 |   4989 |    688 |   1746 |   2035 |   6 |  946.2 |
           Zot |   5521 |   5202 |    319 |    956 |   2198 |   5 | 1104.2 |
         Abyss |   1736 |   1736 |      0 |    285 |      4 |   6 |  289.3 |
   Pandemonium |  12437 |  12437 |      0 |   3241 |   3425 |  13 |  956.7 |
         Trove |     43 |     43 |      0 |      0 |      0 |   1 |   43.0 |
      Ice Cave |    599 |    599 |      0 |    201 |      0 |   1 |  599.0 |
       Volcano |    535 |    535 |      0 |    335 |      0 |   1 |  535.0 |
        Wizlab |    912 |    912 |      0 |     78 |     66 |   1 |  912.0 |
      Gauntlet |    136 |    136 |      0 |      0 |      0 |   1 |  136.0 |
         Arena |     15 |     15 |      0 |      5 |      0 |   1 |   15.0 |
               +--------+--------+--------+--------+--------+-----+--------+

Top non-repeatable levels by time:
   Tar:7: 4261 daAuts
Vaults:1: 3015 daAuts
   Coc:7: 2902 daAuts
   Dis:7: 2544 daAuts
     D:9: 2204 daAuts
   Orc:2: 2173 daAuts
    D:13: 1895 daAuts
 Snake:3: 1793 daAuts
 Snake:1: 1750 daAuts
 Crypt:3: 1744 daAuts
  Tomb:1: 1673 daAuts
Vaults:2: 1628 daAuts
   Geh:7: 1616 daAuts
 Snake:4: 1610 daAuts
    Hell: 1609 daAuts
